 Dungeon Crawl Stone Soup version 0.30.1-11-g7821555f0a (webtiles) character file.

Game seed: 9283675816213472341

1530349 jfcaron the Crack Shot (level 27, 293/293 HPs)
             Began as a Gnoll Chaos Knight on Nov 12, 2023.
             Was a Favourite Plaything of Xom.
             Escaped with the Orb
             ... and 3 runes on Nov 14, 2023!
             The game lasted 05:59:11 (87360 turns).

jfcaron the Crack Shot (Gnoll Chaos Knight)        Turns: 87360, Time: 05:59:12

Health: 293/293    AC: 32    Str: 22    XL:     27
Magic:  46/46      EV: 19    Int: 16    God:    Xom [.*....]
Gold:   2799       SH: 27    Dex: 11    Spells: 18/65 levels left

rFire   + + +        a - +9 eveningstar (vamp)
rCold   + + .        c - +7 tower shield {rC+ rF+}
rNeg    + + .        M - melded +4 robe of Folly {Brill Will-∞ Int+8}
rPois   ∞            (helmet restricted)
rElec   +            y - scarf of Archepamuru {+Inv, rN+ Will+ Str+2 Dex-2}
rCorr   .            V - melded +0 pair of gloves of the Gloaming {Regen+}
SInv    .            j - melded +0 pair of boots "Gupp" {rElec rPois rCorr Dex-3}
Will    ++++.        v - dreamshard necklace {*Dream Drain}
Stlth   +++          R - +4 ring of slaying
HPRegen 0.68/turn    z - ring of willpower
MPRegen 0.30/turn

%: clarity
@: statue-form, studying 3 skills, very slow
A: slow and powerful, torment resistance 1, boosted hp, fangs 1, strong nose,
distributed training, horns 2, talons 1, (iridescent scales 1), clarity, cold
resistance 1, deformed body, deterioration 1, fire resistance 3, poison
resistance, evolution 2
0: Orb of Zot
}: 3/15 runes: serpentine, barnacled, silver
a: End Transformation, Renounce Religion, Evoke Invisibility


You escaped.
You worshipped Xom.
You were a plaything of Xom.
You were a living statue of rough stone.
You visited 10 branches of the dungeon, and saw 50 of its levels.
You visited the Abyss 1 time.
You visited 1 bazaar.
You also visited: Gauntlet and Wizlab.

You collected 11254 gold pieces.
You spent 8455 gold pieces at shops.

Inventory:

Hand Weapons
 a - a +9 vampiric eveningstar (weapon)
   (You took it off a minotaur in a Gauntlet)
Missiles
 h - 17 curare-tipped darts {!f}
 l - 19 silver javelins {!f}
 r - 10 throwing nets {!f}
 G - 4 boomerangs
 N - 16 javelins
 X - 10 atropa-tipped darts {!f}
 Z - 7 boomerangs of dispersal {!f}
Armour
 c - a +7 tower shield of resistance (worn)
   (You took it off a naga warrior on level 4 of the Snake Pit)
 j - the +0 pair of boots "Gupp" (melded) {rElec rPois rCorr Dex-3}
   (You found it in a Gauntlet)

   Dex:       It affects your dexterity (-3).
   rElec:     It insulates you from electricity.
   rPois:     It protects you from poison.
   rCorr:     It protects you from acid and corrosion.
 y - the scarf of Archepamuru (worn) {+Inv, rN+ Will+ Str+2 Dex-2}
   (You acquired it on level 2 of the Depths)

   Str:       It affects your strength (+2).
   Dex:       It affects your dexterity (-2).
   rN:        It protects you from negative energy.
   Will:      It increases your willpower.
 M - the +4 robe of Folly (melded) {Brill Will-∞ Int+8}
   (You took it off a deep elf sorcerer on level 3 of the Elven Halls)

   Brill:     It increases the power of your magical spells and halves their MP
   cost (rounding up).
   Will-∞: It reduces your willpower to zero.
   Int:       It affects your intelligence (+8).
 V - the +0 pair of gloves of the Gloaming (melded) {Regen+}
   (You bought it in a shop on level 1 of the Orcish Mines)

   Regen:     It increases your rate of health regeneration.
Jewellery
 v - the dreamshard necklace (around neck) {*Dream Drain}
   (You took it off a minotaur in a Gauntlet)

   [amulet of nothing]

   *Dream:    It shatters if its wearer takes lethal or near-lethal damage,
   preventing the blow and releasing protective dreams that heal and fight for
   the wearer.
   Drain:     It drains your maximum health when unequipped.
 z - a ring of willpower (right fist)
   (You found it on level 4 of the Dungeon)
 J - a ring of see invisible
 R - a +4 ring of slaying (left fist)
   (You took it off an orc on level 8 of the Dungeon)
Wands
 i - a wand of paralysis (45)
   (You found it on level 6 of the Dungeon)
 u - a wand of quicksilver (17)
   (You found it on level 3 of the Lair of Beasts)
 A - a wand of digging (22)
   (You found it on level 3 of the Elven Halls)
 D - a wand of iceblast (41)
   (You found it on level 13 of the Dungeon)
Scrolls
 e - 24 scrolls of teleportation
 m - 6 scrolls of poison
 o - a scroll of blinking
 B - 5 scrolls of immolation
 E - 2 scrolls of silence
 H - 5 scrolls of vulnerability
 L - 7 scrolls of fear
 Q - 4 scrolls of fog
Potions
 b - 5 potions of mutation
 d - 10 potions of brilliance
 f - 6 potions of flight
 n - a potion of ambrosia
 p - 4 potions of cancellation
 q - 4 potions of might
 s - a potion of heal wounds
 t - 3 potions of haste
 w - 10 potions of curing
 x - 10 potions of berserk rage
 K - 3 potions of invisibility
 S - 8 potions of lignification
 T - 5 potions of attraction
 U - 7 potions of resistance
 Y - 8 potions of magic
Miscellaneous
 k - a tin of tremorstones (2/2)
   (You found it on level 4 of the Shoals)
 C - a lightning rod (4/4)
   (You found it in a Gauntlet)
 F - a phial of floods
   (You found it in a Gauntlet)
 I - a box of beasts
   (You found it on level 4 of the Shoals)
 W - a phantom mirror
   (You found it on level 3 of the Vaults)


   Skills:
 + Level 20.4 Fighting
 + Level 19.6 Short Blades
 + Level 19.6 Long Blades
 + Level 19.6 Axes
 + Level 19.6 Maces & Flails
 + Level 22.5 Polearms
 + Level 19.6 Staves
 + Level 22.7 Ranged Weapons
 + Level 21.4 Throwing
 + Level 20.0 Armour
 + Level 19.7 Dodging
 + Level 19.6 Stealth
 + Level 19.6 Shields
 + Level 19.6 Unarmed Combat
 + Level 19.6 Spellcasting
 + Level 16.7 Conjurations
 + Level 16.7 Hexes
 + Level 16.7 Summonings
 + Level 16.7 Necromancy
 + Level 16.7 Translocations
 + Level 16.7 Transmutations
 + Level 16.7 Fire Magic
 + Level 16.7 Ice Magic
 + Level 16.7 Air Magic
 + Level 16.7 Earth Magic
 + Level 16.7 Poison Magic
 + Level 21.1 Invocations
 + Level 19.6 Evocations


You had 18 spell levels left.
You knew the following spells:

 Your Spells              Type           Power      Damage    Failure   Level
a - Blink                 Tloc           100%       N/A       0%          2
b - Summon Guardian Gole  Hex/Summ       62%        N/A       1%          3
c - Frozen Ramparts       Ice            100%       1d16      1%          3
d - Wereblood             Tmut           62%        N/A       0%          2
e - Vhi's Electric Charg  Tloc/Air       100%       N/A       1%          3
f - Dispel Undead         Necr           62%        3d22      1%          4
g - Swiftness             Air            62%        N/A       1%          3
h - Borgnjor's Vile Clut  Necr/Erth      31%        N/A       1%          5
i - Irradiate             Conj/Tmut      31%        3d22      1%          5
j - Summon Mana Viper     Hex/Summ       62%        N/A       1%          5
k - Statue Form           Tmut/Erth      41%        N/A       1%          6
l - Iron Shot             Conj/Erth      31%        9d6       1%          6

Your spell library contained the following spells:

 Spells                   Type           Power      Damage    Failure   Level
 Foxfire                  Conj/Fire      100%       2x1d9     0%          1
 Freeze                   Ice            100%       1d10      0%          1
 Kiss of Death            Conj/Necr      100%       2d13      0%          1
 Magic Dart               Conj           100%       1d8       0%          1
 Sandblast                Erth           100%       2d20      0%          1
 Sting                    Tmut/Pois      100%       1d8       0%          1
 Summon Small Mammal      Summ           100%       N/A       0%          1
 Call Imp                 Summ           100%       N/A       0%          2
 Cigotuvi's Dreadful Rot  Necr/Pois/Air  100%       N/A       0%          2
 Ensorcelled Hibernation  Hex/Ice        100%       N/A       0%          2
 Lesser Beckoning         Tloc           100%       N/A       0%          2
 Momentum Strike          Conj/Tloc      100%       3d10      0%          2
 Passwall                 Tmut/Erth      51%        N/A       0%          2
 Poisonous Vapours        Pois/Air       100%       N/A       0%          2
 Scorch                   Fire           100%       2d9       0%          2
 Searing Ray              Conj           100%       2d8       0%          2
 Static Discharge         Conj/Air       100%       2-7/arc   0%          2
 Sublimation of Blood     Necr           62%        N/A       0%          2
 Dazzling Flash           Conj/Hex       100%       N/A       1%          3
 Hailstorm                Conj/Ice       62%        3d13      1%          3
 Ignite Poison            Fire/Tmut/Pois 62%        N/A       1%          3
 Mephitic Cloud           Conj/Pois/Air  62%        N/A       1%          3
 Ozocubu's Armour         Ice            62%        N/A       1%          3
 Stone Arrow              Conj/Erth      100%       3d13      1%          3
 Vampiric Draining        Necr           62%        2d10      1%          3
 Volatile Blastmotes      Fire/Tloc      100%       2d18      1%          3
 Airstrike                Air            31%        2d(5-21)  1%          4
 Anguish                  Hex/Necr       31%        N/A       1%          4
 Animate Armour           Summ/Erth      100%       N/A       1%          4
 Animate Dead             Necr           62%        N/A       1%          4
 Cause Fear               Hex            31%        N/A       1%          4
 Flame Wave               Conj/Fire      62%        2d14      1%          4
 Ice Form                 Ice/Tmut       62%        N/A       1%          4
 Iskenderun's Mystic Bla  Conj/Tloc      62%        2d13      1%          4
 Manifold Assault         Tloc           62%        N/A       1%          4
 Olgreb's Toxic Radiance  Pois           62%        N/A       1%          4
 Petrify                  Tmut/Erth      62%        N/A       1%          4
 Sticky Flame             Conj/Fire      62%        2d8       1%          4
 Summon Ice Beast         Ice/Summ       62%        N/A       1%          4
 Summon Lightning Spire   Summ/Air       62%        N/A       1%          4
 Alistair's Intoxication  Tmut/Pois      41%        N/A       1%          5
 Arcjolt                  Conj/Air       31%        1d41      1%          5
 Fireball                 Conj/Fire      31%        3d13      1%          5
 Freezing Cloud           Conj/Ice/Air   31%        6-21      1%          5
 Iskenderun's Battlesphe  Conj           62%        2d11      1%          5
 Metabolic Englaciation   Hex/Ice        31%        N/A       1%          5
 Silence                  Hex/Air        31%        N/A       1%          5
 Summon Forest            Summ/Tloc      31%        N/A       1%          5
 Conjure Ball Lightning   Conj/Air       31%        3x3d10    1%          6
 Eringya's Noxious Bog    Tmut/Pois      31%        N/A       1%          6
 Plasma Beam              Fire/Air       31%        2x1d48    1%          6
 Simulacrum               Ice/Necr       31%        N/A       1%          6
 Summon Cactus Giant      Summ           31%        N/A       1%          6
 Enfeeble                 Hex            31%        N/A       5%          7
 Haunt                    Necr/Summ      31%        N/A       5%          7
 Monstrous Menagerie      Summ           31%        N/A       5%          7
 Orb of Destruction       Conj           31%        9d10      5%          7
 Storm Form               Tmut/Air       31%        N/A       5%          7
 Summon Hydra             Summ           31%        N/A       5%          7
 Borgnjor's Revivificati  Necr           31%        N/A       38%         8
 Ignition                 Fire           31%        3d10      38%         8
 Infestation              Necr           31%        N/A       38%         8
 Lehudib's Crystal Spear  Conj/Erth      31%        10d8      38%         8
 Maxwell's Capacitive Co  Air            31%        ∞         38%         8
 Necromutation            Tmut/Necr      31%        N/A       38%         8
 Summon Horrible Things   Summ           31%        N/A       38%         8
 Chain Lightning          Conj/Air       31%        3d41      100%        9
 Death's Door             Necr           31%        N/A       100%        9
 Fire Storm               Conj/Fire      31%        8d8       100%        9
 Shatter                  Erth           31%        3d25*     100%        9


Dungeon Overview and Level Annotations

Branches:
Dungeon (15/15)            Temple (0/1) D:7            Lair (5/5) D:8
 Shoals (4/4) Lair:3        Snake (4/4) Lair:2        Slime (0/5) Lair:5
    Orc (2/2) D:10            Elf (3/3) Orc:2        Vaults (5/5) D:14
  Crypt (3/3) Vaults:2       Tomb (0/3) Crypt:3      Depths (4/4) D:15
    Zot (5/5) Depths:4     WizLab (visited)         Gauntlet (visited)

Altars:
Cheibriados
Fedhas
Gozag
Kikubaaqudgha
Makhleb
Nemelex Xobeh
Okawaru
Trog
Uskayaw
Vehumet
Xom
Yredelemnul
The Shining One
Jiyva
Lugonu

Shops:
D:3 !   D:7 =   D:8 ?   Orc:1 ![:   Orc:2 [!::   Elf:2 *:((   Elf:3 =::
Vaults:1 =   Vaults:2 [   Vaults:3 ([   Vaults:4 =:*   Depths:2 (   Depths:3 **

Portals:
Hell: Depths:1 Depths:2 Depths:3 Depths:4
Abyss: Lair:5 Snake:1 Depths:1 Depths:3
Pandemonium: Depths:2
Ziggurat: Depths:4
Trove: Depths:4 (give +7 demon trident)

Annotations:
Snake:2 spectral demon trident
Zot:3 2 transporters, exclusion: orb of fire
Zot:4 Boris


Innate Abilities, Weirdness & Mutations

You are a living statue of rough stone.
Your actions are slow, but your melee attacks are powerful.
You are resistant to unholy torment.
Your maximum health is greatly increased.
Your equipment is partially melded.
You have very sharp teeth.
Your uncanny sense of smell can sniff out nearby items.
Your experience applies equally to all skills.
You have a pair of horns on your head.
You have sharp toenails.
((You are partially covered in iridescent scales. (AC +2)))
You possess an exceptional clarity of mind.
Your flesh is cold resistant. (rC+)
Armour fits poorly on your strangely shaped body.
Your body sometimes deteriorates upon taking damage.
Your flesh is almost immune to the effects of heat. (rF+++)
Your system is resistant to poisons. (rPois)
You have great hidden genetic potential.


Message History

You see here a +0 spear.
There is a stone staircase leading up, spattered with blood here.
You climb upwards.
There is a stone staircase leading down here.
A smoke demon comes into view.
Casting: Irradiate (safe; 1% risk of failure)
Confirm with . or Enter, or press ? or * to list all spells.
You feel a surge of power!
You turn into a living statue of rough stone.
The +0 pair of gloves of the Gloaming {Regen+} melds into your body.
The +0 pair of boots "Gupp" {rElec rPois rCorr Dex-3} melds into your body.
The +4 robe of Folly {Brill Will-∞ Int+8} melds into your body.
Casting: Statue Form (mildly dangerous; 1% risk of failure)
Confirm with . or Enter, or press ? or * to list all spells.
Okay, then.
Casting: Statue Form (mildly dangerous; 1% risk of failure)
Confirm with . or Enter, or press ? or * to list all spells.
Charge where?
Press: ? - help, Dir - move target, f - smoke demon
Aim: a smoke demon (90% to hit)
You charge forward with an electric crackle!
You flatten the smoke demon like a pancake and electrocute it!!!!
You kill the smoke demon!
(D) Dungeon (T) Temple (L) Lair (A) Shoals (P) Snake Pit (M) Slime Pits (O) Orcish Mines (E) Elven Halls (V) Vaults (C) Crypt (W) Tomb (U) Depths (H) Hell (Z) Zot
Where to? (Enter - D:1 @ (x,y), ? - help)
There is an open door here.
Magic restored.
Xom makes a sudden noise!
You hear a hideous screaming!
(D) Dungeon (T) Temple (L) Lair (A) Shoals (P) Snake Pit (M) Slime Pits (O) Orcish Mines (E) Elven Halls (V) Vaults (C) Crypt (W) Tomb (U) Depths (H) Hell (Z) Zot
Where to? (Enter - D:1 @ (x,y), ? - help)
There is a staircase leading out of the dungeon here.
As you read the scroll of summoning, it crumbles to dust.
Wisps of shadow whirl around you...
You have escaped!

#.#.## ##....
#.### ##.).
####### ### ##..
#>#.## ###.### ##'
##...###.....# #.
##..........^# #.
#g...........####.
#rgg.####.........
#8#### ###..##...
### ### #####...
#.#####.###...
#.........#...
#######.#.....
#.####.. #.......
########


You could see a friendly gnoll (summoned), a friendly quokka (summoned), a
friendly hobgoblin (summoned) and a friendly goblin (summoned).

Vanquished Creatures
  6 dread liches
  7 ancient liches
  Mara (Depths:2)
  7 orbs of fire
  Mennas (Vaults:3)
  A juggernaut (Depths:4)
  The ghost of Roocroe the Impregnable, a veteran MiGl of Hepliaklqana (Crypt:3)
  Boris (twice) (Depths:3 Crypt:1)
  Sojobo (Crypt:1)
  The ghost of Kabe the Fencer, a veteran BaIE of Cheibriados (Depths:4)
  Parghit (Zot:4)
  The ghost of Hynwimna the Slayer, a veteran MiGl of Okawaru (Elf:3)
  3 Killer Klowns (Zot:5)
  Margery (Depths:1)
  3 curse toes
  Bai Suzhen (Vaults:3)
  Xtahua (Crypt:2)
  A caustic shrike (Depths:4)
  Nikola (Vaults:1)
  9 golden dragons
  2 bone dragons (Crypt:3)
  3 electric golems
  Jorgrun (Shoals:2)
  The ghost of Umimoc the Slayer, an adept HOFi of Zin (Vaults:3)
  14 tentacled monstrosities
  7 liches
  Asterion (Snake:2)
  4 quicksilver dragons
  6 titans
  26 Orb Guardians
  2 deep elf blademasters (Elf:3)
  2 deep elf master archers (Elf:3)
  A walking frostbound tome (Depths:3)
  3 tentacled starspawn
  3 sphinxes
  11 death cobs
  3 krakens
  6 ancient champions
  The ghost of frimble the Combatant, an adept DsGl of Okawaru (Depths:3)
  Polyphemus (Shoals:3)
  2 revenants
  Agnes (Elf:1)
  13 storm dragons
  10 tengu reavers
  Kirke (Lair:4)
  Donald (Crypt:1)
  Roxanne (D:14)
  A daeva (Snake:1)
  Ilsuiw (Shoals:2)
  A draconian monk (Zot:1)
  6 nagarajas
  4 fire giants
  8 shadow dragons
  14 frost giants
  2 draconian knights
  2 draconian scorchers
  An iron dragon (Depths:3)
  An azure jelly (Vaults:1)
  2 balrugs
  3 ghost moths
  8 deep elf sorcerers
  Louise (D:14)
  7 vault wardens
  2 ghouls (Crypt:2)
  The ghost of Woods the Martial Artist, a journeyman GnTm of Cheibriados (Snake:1)
  4 curse skulls
  Aizul (Snake:3)
  5 draconian shifters
  2 caustic shrike skeletons (Crypt:3)
  15 ironbound preservers
  5 draconian annihilators
  2 reapers
  A war gargoyle (Vaults:5)
  4 spriggan defenders
  2 orc warlords
  17 stone giants
  16 very ugly things
  3 deep elf elementalists
  A juggernaut skeleton (Crypt:3)
  4 draconian stormcallers
  10 ironbound thunderhulks
  4 green draconians
  Nessos (D:15)
  10 black draconians
  11 deep elf demonologists
  A dire elephant (shapeshifter) (Elf:3)
  10 vampire knights
  6 yellow draconians
  A dire elephant (Vaults:2)
  10 deep elf annihilators
  A bunyip (shapeshifter) (Vaults:5)
  Azrael (D:12)
  4 minotaurs
  17 purple draconians
  3 red draconians
  4 white draconians
  7 spark wasps
  7 eidola
  9 deep elf death magi
  9 statues (WizLab)
  4 merfolk javelineers
  The ghost of jfcaron the Cleaver, a journeyman GnBe of Trog (Lair:3)
  14 ettins
  A green death (Abyss:3)
  An acid blob zombie (Crypt:3)
  3 fire dragons
  Josephine (D:13)
  The ghost of Firil the Destroyer, a journeyman OpFE of Vehumet (Lair:1)
  3 entropy weavers
  8 deep elf high priests
  18 jiangshi
  3 merfolk impalers
  A spriggan zombie (Crypt:1)
  An entropy weaver (shapeshifter) (Elf:3)
  Harold (D:10)
  5 great orbs of eyes
  20 yaktaur captains
  2 rakshasas
  Fannar (D:10)
  6 ice dragons
  Erolcha (Orc:2)
  The ghost of Jaukkuri the Nimble, a journeyman DESu of Gozag (Lair:3)
  38 vault guards
  11 anacondas
  7 ironbound frosthearts
  A juggernaut simulacrum (Depths:4)
  2 catoblepae
  3 spriggan air magi
  3 hydras
  A merfolk aquamancer (Shoals:1)
  A merfolk avatar (Shoals:4)
  A catoblepas (shapeshifter) (Vaults:5)
  2 ogre magi (Orc:2)
  5 alligator snapping turtles
  5 boulder beetles
  2 death knights (Crypt:1)
  2 spriggan skeletons (Crypt:3)
  10 centaur warriors
  8 satyrs
  2 fenstrider witch skeletons
  6 deep troll shamans
  35 dancing weapons
  10 two-headed ogres
  10 deep troll earth magi
  2 hell hogs
  11 naga warriors
  5 tengu warriors
  7 thrashing horrors
  3 death yaks (Shoals:2)
  8 vampire magi
  2 orc high priests (Orc:2)
  13 naga sharpshooters
  3 spriggan berserkers (Depths:2)
  3 sun demons (D:9)
  A shock serpent (shapeshifter) (D:13)
  Nergalle (Lair:1)
  Sonja (D:10)
  7 shock serpents
  10 hell knights
  3 salamander mystics
  18 deep elf knights
  5 skysharks
  2 wretched stars (Abyss:3)
  60 skeletal warriors
  2 titan skeletons (Crypt:1)
  13 iron trolls
  A sea snake (shapeshifter) (Vaults:5)
  A storm dragon zombie (Crypt:1)
  2 golden dragon zombies
  Lodul (D:10)
  A bunyip zombie (Crypt:1)
  A death drake (shapeshifter) (Depths:4)
  4 orange crystal statues (D:14)
  7 flayed ghosts
  63 deep trolls
  5 naga ritualists
  A spatial maelstrom (Abyss:3)
  An iron giant zombie (Crypt:2)
  Pikel (D:7)
  A glowing orange brain (Lair:1)
  A shadow demon (D:15)
  An obsidian statue (Depths:3)
  A bunyip skeleton (Crypt:1)
  12 deep elf archers
  19 sea snakes
  11 phantasmal warriors
  An anaconda skeleton (Crypt:3)
  10 wizards
  10 orc knights
  12 ironbound convokers
  13 harpies
  18 deep elf zephyrmancers
  A tengu zombie (Vaults:1)
  24 deep elf pyromancers
  12 necromancers
  A wolf spider zombie (Crypt:1)
  10 lindwurms
  11 mana vipers
  12 salamanders
  9 manticores
  15 fauns
  10 orc sorcerers
  39 ugly things
  12 cyclopes
  A shadow dragon skeleton (Crypt:3)
  2 oklob plants (Lair:1)
  30 moths of wrath
  A fire giant zombie (Vaults:4)
  A draconian skeleton (Crypt:1)
  3 worldbinders
  31 black mambas
  A dire elephant zombie (Crypt:1)
  7 merfolk sirens
  9 guardian serpents
  An apocalypse crab (Gauntlet)
  15 elephants
  32 slime creatures
  A stone giant skeleton (Crypt:3)
  An elephant (shapeshifter) (Vaults:5)
  5 water nymphs
  23 vault sentinels
  Joseph (D:7)
  9 cane toads
  3 torpor snails (Lair:5)
  4 smoke demons
  18 naga magi
  A cane toad (shapeshifter) (Elf:2)
  2 unseen horrors
  A hellion (D:9)
  2 dire elephant skeletons
  5 centaur skeletons
  5 kobold demonologists
  4 rime drakes
  A rime drake (shapeshifter) (Lair:5)
  A yaktaur zombie (Vaults:1)
  3 efreet (Zot:1)
  A grey draconian skeleton (Crypt:1)
  6 komodo dragons
  A bunyip simulacrum (Crypt:1)
  A red draconian zombie (Crypt:3)
  An orb spider zombie (Crypt:1)
  A minotaur skeleton (Crypt:3)
  9 freezing wraiths
  14 tengu conjurers
  31 yaktaurs
  A hydra zombie (Crypt:1)
  3 ancient zymes
  12 trolls
  The ghost of rozman the Caller, a novice TeSu (D:4)
  4 guardian mummies (Crypt:3)
  An iron troll skeleton (Crypt:2)
  20 merfolk
  7 polar bears
  A harpy zombie (Crypt:1)
  A hydra skeleton (Crypt:3)
  2 hellwings
  8 wind drakes
  4 dream sheep (Lair:3)
  6 harpy skeletons
  5 raiju
  A tarantella (shapeshifter) (Snake:1)
  A wind drake (shapeshifter) (D:13)
  Grinder (D:3)
  5 hornets
  Prince Ribbit (D:7)
  18 blink frogs
  2 mana viper skeletons (Crypt:2)
  A tarantella (Vaults:1)
  A blink frog (shapeshifter) (Lair:5)
  An ettin zombie (Vaults:4)
  6 snapping turtles
  A dream sheep (shapeshifter) (Depths:1)
  2 air elementals
  A draconian simulacrum (Crypt:1)
  2 ettin skeletons
  3 shadows
  A stone giant simulacrum (Vaults:4)
  9 flying skulls (Crypt:3)
  A fire dragon skeleton (Crypt:1)
  18 water elementals
  7 fire elementals
  28 spriggans
  2 ynoxinuls (Abyss:3)
  A black mamba skeleton (Crypt:3)
  An ice dragon skeleton (Crypt:3)
  7 basilisks
  49 yaks
  13 wraiths
  2 wyverns
  2 elf skeletons (Vaults:1)
  A human simulacrum (Vaults:1)
  2 vampires
  3 hogs (Lair:4)
  23 small abominations
  4 chaos spawn
  A human (D:14)
  A steam dragon (shapeshifter) (Elf:3)
  4 steam dragons
  2 redbacks (shapeshifter)
  2 redbacks (Vaults:1)
  13 vampire mosquitoes
  4 wargs
  38 nagas
  Edmund (D:5)
  A spatial vortex (Abyss:3)
  A two-headed ogre skeleton (Crypt:2)
  3 acid dragons
  12 water moccasins
  5 hell hounds (D:12)
  4 swamp worms
  2 naga skeletons (Crypt:3)
  11 large abominations
  An elephant zombie (Crypt:1)
  2 human skeletons (Vaults:1)
  A sky beast (D:7)
  3 ice beasts
  23 orc warriors
  2 black bears
  An orc zombie (Vaults:1)
  11 centaurs
  3 wolves (Lair:4)
  22 ogres
  An elephant skeleton (Crypt:1)
  2 lemures (D:7)
  5 kobold brigands
  4 bullfrogs
  A gnoll sergeant (D:5)
  A necrophage (Crypt:2)
  2 scorpions (D:5)
  2 earth elementals
  5 wights
  A queen bee zombie (Crypt:2)
  6 killer bees
  4 electric eels (D:14)
  3 howler monkeys
  A centaur zombie (Crypt:2)
  2 quasits (D:6)
  10 jellies
  A bullfrog skeleton (Crypt:3)
  11 orc priests
  2 gnoll boudas
  3 iguanas
  18 hell rats
  28 orc wizards
  A howler monkey skeleton (Crypt:1)
  15 gnolls
  5 adders
  14 river rats (Lair:1)
  6 shadow imps
  6 white imps
  5 ufetubi
  A jelly zombie (Crypt:1)
  An iguana skeleton (Crypt:1)
  A worm (D:2)
  4 dart slugs
  78 orcs
  6 ball pythons
  7 bats
  7 endoplasms
  4 giant cockroaches
  9 goblins
  14 hobgoblins
  4 jackals
  25 kobolds
  11 quokkas
  3 training dummies (Depths:2)
  A ball python skeleton (Crypt:2)
  A frilled lizard (D:2)
  A goblin skeleton (Crypt:3)
  A goblin zombie (Crypt:3)
  A hobgoblin zombie (D:3)
  22 rats
  A lurking horror (Snake:1)
  8 starspawn tentacles
  20 tentacles
2403 creatures vanquished.

Notes
Turn   | Place    | Note
-------+----------+-------------------------------------------
     0 | D:1      | jfcaron the Gnoll Chaos Knight began the quest for the Orb.
     0 | D:1      | Reached XP level 1. HP: 23/23 MP: 1/1
   244 | D:1      | Reached XP level 2. HP: 29/29 MP: 2/2
   280 | D:1      | XOM: silly message
   360 | D:1      | XOM: silly message
   486 | D:1      | XOM: silly message
   499 | D:1      | Reached XP level 3. HP: 32/35 MP: 3/3
   501 | D:1      | XOM: silly message
   535 | D:1      | XOM: 1-stop teleportation journey
   596 | D:1      | Reached skill level 1 in Invocations
   814 | D:1      | XOM: give mutations
   814 | D:1      | Gained mutation: Your magical capacity is low. (-10% MP)
                  | [Xom's mischief]
   814 | D:1      | Gained mutation: Your muscles are strong. (Str +4, Int/Dex
                  | -1) [Xom's mischief]
   814 | D:1      | Lost mutation: Your muscles are strong. (Str +4, Int/Dex
                  | -1) [Xom's mischief]
   821 | D:1      | Reached skill level 1 in Short Blades
   821 | D:1      | Reached skill level 1 in Long Blades
   821 | D:1      | Reached skill level 1 in Axes
   821 | D:1      | Reached skill level 1 in Maces & Flails
   821 | D:1      | Reached skill level 1 in Staves
   821 | D:1      | Reached skill level 1 in Ranged Weapons
   821 | D:1      | Reached skill level 1 in Throwing
   821 | D:1      | Reached skill level 1 in Stealth
   821 | D:1      | Reached skill level 1 in Shields
   821 | D:1      | Reached skill level 1 in Unarmed Combat
   821 | D:1      | Reached skill level 1 in Spellcasting
   821 | D:1      | Reached skill level 1 in Evocations
  1312 | D:2      | Reached XP level 4. HP: 41/41 MP: 5/5
  1316 | D:2      | Found a glowing golden altar of the Shining One.
  1382 | D:2      | Found a faded altar of an unknown god.
  1382 | D:2      | XOM: 4-stop teleportation journey
  1719 | D:1      | XOM: give mutations
  1719 | D:1      | Gained mutation: You have sharp toenails. [Xom's mischief]
  1719 | D:1      | Gained mutation: You expend magic power (3 MP) to
                  | strengthen your wands. [Xom's mischief]
  1719 | D:1      | Lost mutation: Your magical capacity is low. (-10% MP)
                  | [Xom's mischief]
  1768 | D:2      | Reached skill level 1 in Conjurations
  1768 | D:2      | Reached skill level 1 in Hexes
  1768 | D:2      | Reached skill level 1 in Summonings
  1768 | D:2      | Reached skill level 1 in Necromancy
  1768 | D:2      | Reached skill level 1 in Translocations
  1768 | D:2      | Reached skill level 1 in Transmutations
  1768 | D:2      | Reached skill level 1 in Fire Magic
  1768 | D:2      | Reached skill level 1 in Ice Magic
  1768 | D:2      | Reached skill level 1 in Air Magic
  1768 | D:2      | Reached skill level 1 in Earth Magic
  1768 | D:2      | Reached skill level 1 in Poison Magic
  1848 | D:2      | XOM: give mutation
  1848 | D:2      | Gained mutation: You are frail. (-10% HP) [Xom's mischief]
  1907 | D:2      | XOM: 6-stop teleportation journey
  2090 | D:3      | Reached XP level 5. HP: 42/42 MP: 5/7
  2118 | D:3      | Noticed Grinder
  2119 | D:3      | Paralysed by Grinder for 3 turns
  2122 | D:3      | XOM: polymorph Grinder -> Grinder
  2131 | D:3      | XOM: summons 2 friendly demons
  2139 | D:3      | Killed Grinder
  2140 | D:3      | Reached skill level 5 in Armour
  2140 | D:3      | Reached XP level 6. HP: 39/47 MP: 7/9
  2271 | D:3      | XOM: noise
  2631 | D:3      | Found Ivvoviol's Distillery.
  2674 | D:3      | Bought a potion of heal wounds for 70 gold pieces
  2674 | D:3      | Bought a potion of curing for 42 gold pieces
  2674 | D:3      | Bought a potion of curing for 42 gold pieces
  2801 | D:3      | Identified the +2 leather armour of Baldness {rC+ Str+2
                  | Int+4 Slay-6}
  2822 | D:3      | XOM: stat loss: -1 Str (13/14)
  2876 | D:3      | XOM: cloud trail
  3137 | D:4      | XOM: 2-stop teleportation journey
  3208 | D:4      | Noticed a black bear
  3234 | D:4      | Noticed rozman's ghost (novice TeSu)
  3289 | D:4      | Found a transporter.
  3291 | D:4      | Found a transporter.
  3729 | D:4      | XOM: god gift: 36 gold pieces
  3900 | D:5      | Entered Level 5 of the Dungeon
  4078 | D:5      | Noticed an ice beast
  4092 | D:5      | Killed an ice beast
  4093 | D:5      | Reached XP level 7. HP: 18/54 MP: 10/10
  4253 | D:5      | Found a radiant altar of Vehumet.
  4312 | D:5      | Found an iron altar of Okawaru.
  4360 | D:5      | XOM: summons 4 hostile demons
  4589 | D:5      | XOM: give mutations
  4589 | D:5      | Gained mutation: Your body sometimes deteriorates upon
                  | taking damage. [Xom's mischief]
  4589 | D:5      | Gained mutation: Your magical capacity is low. (-10% MP)
                  | [Xom's mischief]
  4589 | D:5      | Gained mutation: Your spells are a little harder to cast,
                  | but a little more powerful. [Xom's mischief]
  4594 | D:5      | XOM: noise
  4595 | D:5      | XOM: summons friendly crimson imp
  4601 | D:5      | XOM: confusion
  4605 | D:5      | XOM: butterfly on damage
  4801 | D:5      | Noticed Edmund
  4848 | D:4      | XOM: give mutations
  4848 | D:4      | Lost mutation: You have sharp toenails. [Xom's mischief]
  4848 | D:4      | Gained mutation: You occasionally lose the ability to read
                  | scrolls when taking damage. [Xom's mischief]
  4848 | D:4      | Lost mutation: Your body sometimes deteriorates upon taking
                  | damage. [Xom's mischief]
  4879 | D:5      | Killed Edmund
  4880 | D:5      | Reached XP level 8. HP: 60/60 MP: 11/11
  5001 | D:5      | XOM: silly message
  5004 | D:5      | XOM: noise
  5009 | D:5      | XOM: summons 8 friendly demons
  5010 | D:5      | HP: 12/60 [poisoned by a gnoll sergeant]
  5070 | D:5      | XOM: give mutations
  5070 | D:5      | Gained mutation: You possess an exceptional clarity of
                  | mind. [Xom's mischief]
  5070 | D:5      | Lost mutation: Your magical capacity is low. (-10% MP)
                  | [Xom's mischief]
  5184 | D:5      | Got Sif Muna's Elucidation of Massed Gloom
  5453 | D:6      | XOM: noise
  5656 | D:6      | Noticed a yak
  5660 | D:6      | Noticed a yak
  5662 | D:6      | Noticed a yak
  5664 | D:6      | Noticed a yak
  5671 | D:6      | Killed a yak
  5673 | D:6      | Killed a yak
  5676 | D:6      | Killed a yak
  5681 | D:6      | Killed a yak
  5682 | D:6      | Reached XP level 9. HP: 55/65 MP: 13/15
  6148 | D:6      | XOM: noise
  6358 | D:5      | Reached skill level 5 in Dodging
  6504 | D:6      | XOM: divination: detect items
  6553 | D:6      | XOM: cast spell 'Summon Dragon'
  6823 | D:7      | Noticed Joseph
  6823 | D:7      | Noticed Pikel
  6823 | D:7      | Found a staircase to the Ecumenical Temple.
  6832 | D:7      | XOM: silly message
  6847 | D:7      | XOM: potion effect (haste)
  6851 | D:7      | Killed Pikel
  6852 | D:7      | Reached skill level 5 in Invocations
  7024 | D:7      | XOM: butterfly on damage
  7026 | D:7      | Killed Joseph
  7148 | D:7      | XOM: silly message
  7218 | D:7      | Noticed Prince Ribbit
  7223 | D:7      | Killed Prince Ribbit
  7248 | D:7      | Reached skill level 5 in Short Blades
  7248 | D:7      | Reached skill level 5 in Long Blades
  7248 | D:7      | Reached skill level 5 in Axes
  7248 | D:7      | Reached skill level 5 in Maces & Flails
  7248 | D:7      | Reached skill level 5 in Staves
  7248 | D:7      | Reached skill level 5 in Ranged Weapons
  7248 | D:7      | Reached skill level 5 in Throwing
  7248 | D:7      | Reached skill level 5 in Stealth
  7248 | D:7      | Reached skill level 5 in Shields
  7248 | D:7      | Reached skill level 5 in Unarmed Combat
  7248 | D:7      | Reached skill level 5 in Spellcasting
  7248 | D:7      | Reached skill level 5 in Evocations
  7248 | D:7      | Reached XP level 10. HP: 47/72 MP: 17/17
  7402 | D:7      | Found Voniavane's Jewellery Shoppe.
  7408 | D:7      | Learned a level 2 spell: Blink
  7412 | D:7      | Learned a level 3 spell: Summon Guardian Golem
  7416 | D:7      | Learned a level 3 spell: Frozen Ramparts
  7633 | D:7      | Found a glowing golden altar of the Shining One.
  7823 | D:4      | XOM: confuse monster(s)
  7833 | D:4      | Killed rozman's ghost
  7936 | D:7      | Bought a ring of poison resistance for 220 gold pieces
  7961 | D:8      | Found a basalt altar of Yredelemnul.
  7969 | D:8      | Identified the +5 spear of Doiger {speed, *Noise *Slow
                  | rElec Str+5}
  8046 | D:8      | Found a hide-covered altar of Uskayaw.
  8122 | D:8      | Found an ancient bone altar of Kikubaaqudgha.
  8154 | D:8      | Found a staircase to the Lair.
  8300 | D:8      | Noticed a tengu warrior
  8311 | D:8      | Killed a tengu warrior
  8643 | D:8      | Found Deutaod's Magic Scroll Shoppe.
  8646 | D:8      | Bought a scroll of fear for 48 gold pieces
  8646 | D:8      | Bought a scroll of teleportation for 36 gold pieces
  8718 | D:8      | Found the +18 Lear's hauberk
  8817 | D:9      | XOM: cleaving
  8904 | D:9      | Noticed a two-headed ogre
  8915 | D:9      | XOM: cast spell 'Cause Fear'
  8934 | D:9      | Killed a two-headed ogre
  9154 | D:9      | Noticed a wizard
  9170 | D:9      | Killed a wizard
  9171 | D:9      | Reached skill level 5 in Conjurations
  9171 | D:9      | Reached skill level 5 in Hexes
  9171 | D:9      | Reached skill level 5 in Summonings
  9171 | D:9      | Reached skill level 5 in Necromancy
  9171 | D:9      | Reached skill level 5 in Translocations
  9171 | D:9      | Reached skill level 5 in Transmutations
  9171 | D:9      | Reached skill level 5 in Fire Magic
  9171 | D:9      | Reached skill level 5 in Ice Magic
  9171 | D:9      | Reached skill level 5 in Air Magic
  9171 | D:9      | Reached skill level 5 in Earth Magic
  9171 | D:9      | Reached skill level 5 in Poison Magic
  9171 | D:9      | Reached XP level 11. HP: 62/80 MP: 18/20
  9255 | D:9      | XOM: 1-stop teleportation journey
  9643 | D:9      | XOM: torment (41/80 hp)
  9818 | D:9      | Noticed a large abomination
  9818 | D:9      | Noticed a large abomination
  9875 | D:9      | XOM: silly message
 10012 | D:10     | Entered Level 10 of the Dungeon
 10042 | D:10     | Noticed Fannar
 10052 | D:10     | XOM: divination: detect creatures
 10062 | D:10     | Killed Fannar
 10159 | D:10     | Found a bloodstained altar of Trog.
 10160 | D:10     | Noticed a wizard
 10166 | D:10     | Killed a wizard
 10276 | D:10     | Noticed a two-headed ogre
 10290 | D:10     | Killed a two-headed ogre
 10355 | D:10     | XOM: scenery: summon butterflies
 10374 | D:10     | Found a staircase to the Orcish Mines.
 10401 | D:10     | XOM: 4-stop teleportation journey
 10408 | D:10     | Noticed Lodul
 10413 | D:10     | XOM: silly message
 10417 | D:10     | XOM: scenery: create altars
 10426 | D:10     | Killed Lodul
 10548 | D:10     | Noticed Harold
 10560 | D:10     | Killed Harold
 10661 | D:10     | XOM: scenery: 2 doors open
 10668 | D:10     | Noticed Sonja
 10668 | D:10     | XOM: divination: magic mapping
 10678 | D:10     | Killed Sonja
 10716 | D:10     | Found a blossoming altar of Fedhas.
 10824 | D:10     | Noticed a two-headed ogre
 10834 | D:10     | XOM: cast spell 'Summon Horrible Things'
 10836 | D:10     | Killed a two-headed ogre
 10917 | D:10     | XOM: divination: detect creatures
 11139 | D:11     | Noticed a skeletal warrior
 11216 | D:11     | Noticed a two-headed ogre
 11222 | D:11     | Killed a two-headed ogre
 11299 | D:11     | XOM: potion effect (invisibility)
 11374 | D:11     | XOM: god gift: scroll of noise
 11403 | D:11     | Reached XP level 12. HP: 77/87 MP: 22/22
 11519 | D:11     | XOM: give mutation
 11519 | D:11     | Gained mutation: Your body sometimes deteriorates upon
                  | taking damage. [Xom's mischief]
 11533 | D:11     | Noticed a two-headed ogre
 11534 | D:11     | Noticed a two-headed ogre
 11541 | D:11     | Killed a two-headed ogre
 11542 | D:11     | Killed a two-headed ogre
 11542 | D:11     | XOM: summons friendly ufetubus
 11690 | D:11     | Noticed a two-headed ogre
 11690 | D:11     | Noticed a boulder beetle
 11694 | D:11     | Reached skill level 10 in Fighting
 11694 | D:11     | Reached skill level 10 in Polearms
 11698 | D:11     | Killed a boulder beetle
 11701 | D:11     | Killed a two-headed ogre
 11893 | D:11     | XOM: cast spell 'Summon Mana Viper'
 11901 | D:11     | XOM: destruction
 11941 | D:11     | XOM: god gift: plate armour {god gift}
 12176 | D:11     | Noticed a boulder beetle
 12187 | D:11     | XOM: cast spell 'Death Channel'
 12194 | D:11     | XOM: summons friendly iron imp
 12199 | D:11     | Killed a boulder beetle
 12525 | D:10     | XOM: summons 3 hostile shadow creatures
 12539 | D:10     | XOM: smoke on damage
 12666 | D:3      | Bought a potion of resistance for 140 gold pieces
 12666 | D:3      | Bought a potion of might for 56 gold pieces
 12666 | D:3      | Bought a potion of mutation for 112 gold pieces
 12766 | D:8      | Bought a scroll of teleportation for 36 gold pieces
 12766 | D:8      | Bought a scroll of teleportation for 36 gold pieces
 12842 | Orc:1    | Entered Level 1 of the Orcish Mines
 12842 | Orc:1    | Found Meubriamap's Book Shop.
 12850 | Orc:1    | XOM: confuse monster(s)
 12932 | Orc:1    | XOM: silly message
 12966 | Orc:1    | XOM: divination: detect creatures
 12990 | Orc:1    | HP: 16/87 [orc priest/divine providence (11)]
 13003 | D:10     | HP: 20/130 [warg (10)]
 13134 | D:10     | XOM: god gift: robe {god gift}
 13329 | Orc:1    | XOM: summons friendly quasit
 13583 | Orc:1    | XOM: potion effect (haste)
 13625 | Orc:1    | XOM: divination: detect items
 13651 | Orc:1    | XOM: cast spell 'Summon Ice Beast'
 13803 | Orc:1    | Reached XP level 13. HP: 74/93 MP: 25/25
 13824 | Orc:1    | XOM: give mutations
 13824 | Orc:1    | Lost mutation: You possess an exceptional clarity of mind.
                  | [Xom's mischief]
 13824 | Orc:1    | Gained mutation: You passively map a small area around you.
                  | [Xom's mischief]
 13824 | Orc:1    | Lost mutation: Your spells are a little harder to cast, but
                  | a little more powerful. [Xom's mischief]
 13879 | Orc:1    | You fall into a shaft and drop 1 floor!
 13879 | Orc:2    | Entered Level 2 of the Orcish Mines
 13882 | Orc:2    | XOM: summons friendly shadow imp
 13893 | Orc:2    | XOM: smoke on damage
 13924 | Orc:2    | Found Gyfos's Distillery.
 13934 | Orc:2    | Bought a potion of curing for 45 gold pieces
 13934 | Orc:2    | Bought a potion of curing for 45 gold pieces
 13955 | Orc:2    | Found an ancient bone altar of Kikubaaqudgha.
 13968 | Orc:2    | Found Muon Bou's Book Shoppe.
 14016 | Orc:2    | XOM: stat loss: -1 Dex (11/12)
 14019 | Orc:2    | Noticed Erolcha
 14023 | Orc:2    | XOM: summons 7 hostile demons
 14029 | Orc:2    | Found a radiant altar of Vehumet.
 14062 | Orc:2    | Killed Erolcha
 14108 | Orc:2    | XOM: give mutations
 14108 | Orc:2    | Gained mutation: You have a pair of small antennae on your
                  | head. [Xom's mischief]
 14108 | Orc:2    | Lost mutation: You passively map a small area around you.
                  | [Xom's mischief]
 14231 | Orc:2    | XOM: torment (47/93 hp)
 14298 | Orc:2    | XOM: stat loss: -1 Str (14/15)
 14591 | Orc:2    | XOM: give mutations
 14591 | Orc:2    | Gained mutation: You are clumsy. (Dex -2) [Xom's mischief]
 14591 | Orc:2    | Gained mutation: You have a pair of antennae on your head.
                  | [Xom's mischief]
 14739 | Orc:2    | Found a staircase to the Elven Halls.
 14837 | Orc:2    | Found a burning altar of Makhleb.
 14887 | Orc:1    | XOM: enchant monster (good)
 14894 | Orc:2    | XOM: blink monster(s)
 14895 | Orc:2    | XOM: noise
 14901 | Orc:2    | XOM: enchant monster (bad)
 14957 | Orc:2    | XOM: smoke on damage
 15075 | Orc:2    | XOM: swap monsters
 15175 | Orc:2    | XOM: polymorph orc -> dart slug
 15555 | Orc:1    | Found Zawk's Distillery.
 15558 | Orc:1    | Found Geteus's Armour Boutique.
 15742 | Orc:2    | XOM: destruction
 15744 | Orc:2    | Paralysed by an orc sorcerer for 3 turns
 15770 | Orc:1    | XOM: god gift: scale mail {god gift}
 15941 | Orc:2    | XOM is BORED!
 15941 | Orc:2    | XOM: give mutations
 15941 | Orc:2    | Lost mutation: You are frail. (-10% HP) [Xom's mischief]
 15941 | Orc:2    | Gained mutation: Armour fits poorly on your strangely
                  | shaped body. [Xom's mischief]
 15941 | Orc:2    | Lost mutation: You are clumsy. (Dex -2) [Xom's mischief]
 15941 | Orc:2    | Lost mutation: You occasionally lose the ability to read
                  | scrolls when taking damage. [Xom's mischief]
 16030 | Orc:2    | XOM: noise
 16097 | Orc:2    | XOM: give mutations
 16097 | Orc:2    | Gained mutation: Your flesh is cold resistant. (rC+) [Xom's
                  | grace]
 16097 | Orc:2    | Gained mutation: Your flesh is heat resistant. (rF+) [Xom's
                  | grace]
 16097 | Orc:2    | Gained mutation: You are partially covered in iridescent
                  | scales. (AC +2) [Xom's grace]
 16097 | Orc:2    | Gained mutation: Your muscles are strong. (Str +4, Int/Dex
                  | -1) [Xom's grace]
 16170 | Orc:2    | XOM: polymorph rust devil -> red devil
 16182 | Orc:2    | XOM: scenery: summon butterflies
 16358 | Orc:2    | XOM: confuse monster(s)
 16384 | Orc:2    | XOM: god gift: 29 gold pieces
 16567 | Orc:2    | Found Juyrph's Antique Armour Emporium.
 16568 | Orc:2    | Found Gopesch's Book Shoppe.
 16713 | Orc:2    | XOM: 3-stop teleportation journey
 16995 | Lair:1   | Entered Level 1 of the Lair of Beasts
 17077 | Lair:1   | Reached skill level 10 in Armour
 17183 | Lair:1   | XOM: summons 4 friendly demons
 17196 | Lair:1   | XOM: give mutations
 17196 | Lair:1   | Gained mutation: You have a somewhat thin skeletal
                  | structure. (Dex +2, Stealth+) [Xom's grace]
 17196 | Lair:1   | Gained mutation: Your mind is acute. (Int +4, Str/Dex -1)
                  | [Xom's grace]
 17196 | Lair:1   | Gained mutation: You possess an exceptional clarity of
                  | mind. [Xom's grace]
 17277 | Lair:1   | Noticed Nergalle
 17298 | Lair:1   | Killed Nergalle
 17416 | Lair:1   | Found a blossoming altar of Fedhas.
 17750 | Lair:1   | XOM: god gift: book of the Tundra
 17808 | Lair:1   | XOM: divination: detect items
 18062 | Lair:1   | XOM: scenery: create altars
 18283 | Lair:1   | XOM: cleaving
 18313 | Lair:1   | Found a runed translucent gate.
 18313 | Lair:1   | Found a runed translucent gate.
 18315 | Lair:1   | Found a runed translucent gate.
 18317 | Lair:1   | Noticed Firil's ghost (journeyman OpFE)
 18319 | Lair:1   | Found a viscous altar of Jiyva.
 18376 | Lair:1   | XOM: enchant monster (good)
 18920 | Lair:2   | Reached skill level 10 in Invocations
 18920 | Lair:2   | Reached XP level 14. HP: 92/113 MP: 27/27
 19076 | Lair:2   | Found a radiant altar of Vehumet.
 19170 | Lair:2   | XOM: 2-stop teleportation journey
 19192 | Lair:2   | XOM: scenery: 1 doors open
 19200 | Lair:2   | XOM: summons friendly iron imp
 19207 | Lair:2   | XOM: cast spell 'Metabolic Englaciation'
 19225 | Lair:2   | XOM: fog
 19285 | Lair:2   | XOM: scenery: summon butterflies
 19288 | Lair:2   | XOM: divination: detect items
 19344 | Lair:2   | XOM: enchant monster (good)
 19372 | Lair:2   | XOM: enchant monster (good)
 19773 | Lair:2   | Found a staircase to the Snake Pit.
 19854 | Lair:2   | XOM: confuse monster(s)
 20191 | Lair:3   | XOM: confuse monster(s)
 20323 | Lair:3   | Found a runed translucent gate.
 20323 | Lair:3   | Found a runed translucent gate.
 20323 | Lair:3   | Found a runed translucent gate.
 20329 | Lair:3   | XOM: enchant monster (good)
 20426 | Lair:3   | Noticed Jaukkuri's ghost (journeyman DESu)
 20426 | Lair:3   | Noticed jfcaron's ghost (journeyman GnBe)
 20447 | Lair:3   | XOM: summons 3 hostile shadow creatures
 20464 | Lair:3   | XOM: noise
 20471 | Lair:3   | XOM: silly message
 20489 | Lair:3   | XOM: divination: detect items
 20675 | Lair:3   | Identified the +2 robe of Demons {Fly rF- Str+2}
 20690 | Lair:3   | XOM: confuse monster(s)
 20706 | Lair:3   | XOM: divination: detect items
 20774 | Lair:3   | XOM: god gift: wand of flame (5)
 20815 | Lair:3   | XOM: silly message
 20834 | Lair:3   | XOM: noise
 20838 | Lair:3   | XOM: summons 8 hostile demons
 21060 | Lair:3   | XOM: silly message
 21063 | Lair:3   | XOM: enchant monster (good)
 21071 | Lair:3   | XOM: swap monsters
 21083 | Lair:3   | Reached skill level 10 in Dodging
 21297 | Lair:3   | XOM: 4-stop teleportation journey
 21325 | Lair:3   | XOM: 7-stop teleportation journey
 21368 | Lair:3   | Found a staircase to the Shoals.
 21376 | Lair:3   | XOM: potion effect (haste)
 21865 | Lair:4   | XOM: potion effect (haste)
 22050 | Lair:4   | XOM: silly message
 22106 | Lair:4   | XOM: give mutation
 22106 | Lair:4   | Lost mutation: Your flesh is cold resistant. (rC+) [Xom's
                  | mischief]
 22155 | Lair:4   | XOM: confuse monster(s)
 22279 | Lair:4   | XOM: 3-stop teleportation journey
 22296 | Lair:4   | XOM: summons 10 friendly demons
 22437 | Lair:4   | XOM: summons 8 hostile demons
 22444 | Lair:4   | XOM: cast spell 'Death Channel'
 22528 | Lair:4   | XOM: give mutations
 22528 | Lair:4   | Gained mutation: You are mostly covered in iridescent
                  | scales. (AC +4) [Xom's grace]
 22528 | Lair:4   | Gained mutation: You passively map a small area around you.
                  | [Xom's grace]
 22528 | Lair:4   | Gained mutation: You are strong-willed. (Will+) [Xom's
                  | grace]
 22636 | Lair:4   | Noticed Kirke
 22655 | Lair:4   | Killed Kirke
 22661 | Lair:4   | XOM: noise
 22971 | Lair:5   | Entered Level 5 of the Lair of Beasts
 23078 | Lair:5   | Reached skill level 10 in Short Blades
 23078 | Lair:5   | Reached skill level 10 in Long Blades
 23078 | Lair:5   | Reached skill level 10 in Axes
 23078 | Lair:5   | Reached skill level 10 in Maces & Flails
 23078 | Lair:5   | Reached skill level 10 in Staves
 23078 | Lair:5   | Reached skill level 10 in Ranged Weapons
 23078 | Lair:5   | Reached skill level 10 in Throwing
 23078 | Lair:5   | Reached skill level 10 in Stealth
 23078 | Lair:5   | Reached skill level 10 in Shields
 23078 | Lair:5   | Reached skill level 10 in Unarmed Combat
 23078 | Lair:5   | Reached skill level 10 in Spellcasting
 23078 | Lair:5   | Reached skill level 10 in Evocations
 23214 | Lair:5   | XOM: noise
 23215 | Lair:5   | XOM: summons 3 hostile shadow creatures
 23223 | Lair:5   | XOM: blink monster(s)
 23339 | Lair:5   | Found a snail-covered altar of Cheibriados.
 23368 | Lair:5   | XOM: chaos cloud
 23582 | Lair:5   | Reached XP level 15. HP: 120/120 MP: 29/29
 23588 | Lair:5   | XOM: enchant monster (bad)
 23855 | Lair:5   | XOM: torment (61/120 hp)
 24144 | Lair:5   | Found a staircase to the Slime Pits.
 24241 | Lair:5   | Found a corrupted altar of Lugonu.
 24241 | Lair:5   | Found a one-way gate to the infinite horrors of the Abyss.
 24241 | Lair:5   | XOM: 1-stop teleportation journey
 24562 | Lair:5   | XOM: potion effect (brilliance)
 24679 | Lair:5   | XOM: enchant monster (bad)
 24689 | Lair:5   | XOM: summons friendly ufetubus
 24697 | Lair:5   | XOM: potion effect (curing)
 24698 | Lair:5   | XOM: noise
 24720 | Lair:5   | XOM: summons friendly quasit
 24736 | Lair:5   | XOM: swap monsters
 24780 | Lair:5   | XOM: blink monster(s)
 24909 | Lair:5   | XOM: fog
 25108 | Lair:5   | XOM: 1-stop teleportation journey
 25349 | Lair:5   | XOM: god gift: 1090 gold pieces
 25486 | Lair:1   | XOM: confuse monster(s)
 25491 | Lair:1   | XOM: fog
 25555 | Lair:1   | XOM: summons friendly white imp
 25657 | Lair:1   | XOM: scenery: create altars
 25665 | Lair:1   | Killed Firil's ghost
 25692 | Lair:1   | Reached XP level 16. HP: 129/129 MP: 27/30
 25864 | D:9      | XOM: divination: magic mapping
 25902 | D:9      | Got the Precepts of Anthracomancy and Snow
 26034 | D:12     | Noticed Azrael
 26058 | D:12     | Killed Azrael
 26080 | D:12     | XOM: potion effect (invisibility)
 26115 | D:12     | Found a gate leading to a gauntlet.
 26119 | D:12     | Identified a scroll of acquirement
 26124 | D:12     | Acquired 920 gold pieces
 26146 | Gauntlet | XOM: noise
 26146 | Gauntlet | Entered a Gauntlet
 26146 | Gauntlet | Found a transporter.
 26146 | Gauntlet | Found a transporter.
 26146 | Gauntlet | Found a transporter.
 26146 | Gauntlet | Found a runed translucent gate.
 26158 | Gauntlet | XOM: scenery: 1 doors open
 26231 | Gauntlet | Found a transporter.
 26232 | Gauntlet | Found a transporter.
 26235 | Gauntlet | Found a transporter.
 26239 | Gauntlet | Found a runed translucent door.
 26241 | Gauntlet | Found a runed translucent door.
 26242 | Gauntlet | Found a transporter.
 26243 | Gauntlet | Found a transporter.
 26244 | Gauntlet | Found a transporter.
 26246 | Gauntlet | Found a transporter.
 26254 | Gauntlet | Found a transporter.
 26255 | Gauntlet | Found a transporter.
 26372 | Gauntlet | XOM is BORED!
 26372 | Gauntlet | XOM: noise
 26487 | Gauntlet | XOM: polymorph soul eater -> rust devil
 26496 | Gauntlet | XOM: polymorph rust devil -> hellwing
 26574 | Gauntlet | Identified the +0 pair of boots "Gupp" {rElec rPois rCorr
                  | Dex-3}
 26729 | Gauntlet | Got the Almanac of the Solid Winter
 26917 | D:12     | XOM: god gift: staff of air
 27126 | D:8      | Bought a scroll of enchant weapon for 90 gold pieces
 27211 | Orc:1    | Bought a book of Blood for 364 gold pieces
 27264 | Orc:1    | Bought a potion of invisibility for 104 gold pieces
 27264 | Orc:1    | Bought a potion of curing for 39 gold pieces
 27264 | Orc:1    | Bought a potion of resistance for 130 gold pieces
 27264 | Orc:1    | Bought a potion of invisibility for 104 gold pieces
 27264 | Orc:1    | Bought a potion of curing for 39 gold pieces
 27264 | Orc:1    | Bought a potion of berserk rage for 65 gold pieces
 27264 | Orc:1    | Bought a potion of curing for 39 gold pieces
 27264 | Orc:1    | Bought a potion of curing for 39 gold pieces
 27264 | Orc:1    | Bought a potion of curing for 39 gold pieces
 27328 | Orc:2    | Bought a potion of haste for 150 gold pieces
 27522 | D:12     | XOM: give mutation
 27522 | D:12     | Gained mutation: You have large cloven feet. [Xom's grace]
 27566 | D:12     | XOM: cloud trail
 27646 | D:12     | XOM: god gift: 4 atropa-tipped darts
 27656 | D:12     | XOM: give mutation
 27656 | D:12     | Gained mutation: You are resistant to electric shocks.
                  | (rElec) [Xom's grace]
 27824 | D:12     | XOM: scenery: create altars
 28291 | D:13     | Noticed Josephine
 28297 | D:13     | Killed Josephine
 28304 | D:13     | XOM: scenery: 1 doors open
 28476 | D:13     | XOM: 1-stop teleportation journey
 29508 | D:14     | Identified Roxanne's Notes on Clay
 29508 | D:14     | Noticed Roxanne
 29581 | D:14     | XOM: destruction
 29671 | D:14     | XOM: scenery: create altars
 29711 | D:14     | XOM: 1-stop teleportation journey
 29865 | D:14     | Reached XP level 17. HP: 59/135 MP: 19/32
 29865 | D:14     | XOM: smoke on damage
 29935 | D:14     | Noticed Louise
 29954 | D:14     | Killed Louise
 30129 | D:14     | XOM: 3-stop teleportation journey
 30158 | D:14     | Found a sparkling altar of Nemelex Xobeh.
 30184 | D:14     | XOM: divination: detect creatures
 30197 | D:14     | Killed Roxanne
 30549 | D:14     | XOM: silly message
 30583 | D:14     | Learned a level 2 spell: Wereblood
 30587 | D:14     | Learned a level 3 spell: Vhi's Electric Charge
 30592 | D:14     | Learned a level 4 spell: Dispel Undead
 30643 | D:14     | Found a gate to the Vaults.
 30673 | D:14     | XOM: silly message
 30815 | D:14     | XOM: noise
 30915 | D:14     | Found a runed translucent door.
 31058 | D:14     | Found a runed translucent door.
 31064 | D:14     | Found the +10 tower shield of Ignorance {rN+ Int-4}
 31126 | D:15     | Entered Level 15 of the Dungeon
 31153 | D:15     | Found a flickering gateway to a bazaar.
 31159 | D:15     | Identified the +8 falchion of Saeplom {heavy, Int+3 Dex+5}
 31162 | D:15     | XOM: polymorph centaur warrior -> two-headed ogre
 31196 | Bazaar   | Entered a bazaar
 31251 | Bazaar   | Found Odidoq's Antique Weapon Shoppe.
 31267 | Bazaar   | Found Inau's Antique Armour Emporium.
 31283 | Bazaar   | Found Pyceifuc's Magic Scroll Emporium.
 31283 | Bazaar   | Found Ysudioh's Book Shoppe.
 31305 | Bazaar   | Found Vizumuli's Assorted Antiques.
 31353 | Bazaar   | Bought a scroll of fear for 52 gold pieces
 31353 | Bazaar   | Bought a scroll of fear for 52 gold pieces
 31353 | Bazaar   | Bought a scroll of teleportation for 39 gold pieces
 31353 | Bazaar   | Bought a scroll of poison for 52 gold pieces
 31353 | Bazaar   | Bought 3 scrolls of teleportation for 117 gold pieces
 31353 | Bazaar   | Bought a scroll of teleportation for 39 gold pieces
 31353 | Bazaar   | Bought a scroll of magic mapping for 97 gold pieces
 31353 | Bazaar   | Bought 3 scrolls of amnesia for 156 gold pieces
 31353 | Bazaar   | Bought a scroll of teleportation for 39 gold pieces
 31367 | Bazaar   | Bought a scroll of blinking for 97 gold pieces
 31367 | Bazaar   | Bought a potion of haste for 130 gold pieces
 31367 | Bazaar   | Bought a scroll of enchant weapon for 97 gold pieces
 31367 | Bazaar   | Bought a scroll of vulnerability for 52 gold pieces
 31520 | D:15     | Found a staircase to the Depths.
 31526 | D:15     | XOM: 2-stop teleportation journey
 31609 | D:15     | XOM: summons friendly iron imp
 31615 | D:15     | XOM: scenery: create altars
 31618 | D:15     | XOM: blink monster(s)
 31791 | D:15     | XOM is BORED!
 31998 | D:15     | Noticed Nessos
 32005 | D:15     | Killed Nessos
 32395 | Lair:3   | Killed Jaukkuri's ghost
 32399 | Lair:3   | Killed jfcaron's ghost
 32587 | Snake:1  | Entered Level 1 of the Snake Pit
 32614 | Snake:1  | XOM: draining
 32627 | Snake:1  | Found a hide-covered altar of Uskayaw.
 32891 | Snake:1  | XOM: polymorph naga sharpshooter -> shapeshifter
 32899 | Snake:1  | HP: 23/125 [poisoned by a cane toad]
 32910 | Snake:1  | XOM: polymorph naga mage -> salamander
 33379 | Snake:1  | XOM: god gift: 2 javelins
 33541 | Snake:1  | Noticed a tentacled starspawn
 33569 | Snake:1  | Found a transporter.
 33591 | Snake:1  | Found a transporter.
 33775 | Snake:1  | XOM: snakes to sticks
 33778 | Snake:1  | XOM: summons 16 friendly demons
 33797 | Snake:1  | Found a transporter.
 33801 | Snake:1  | Found a transporter.
 33806 | Snake:1  | Found a transporter.
 33806 | Snake:1  | Found a transporter.
 33808 | Snake:1  | Found a transporter.
 33808 | Snake:1  | Found a transporter.
 33898 | Snake:1  | XOM: scenery: 1 doors open, 2 doors close
 34104 | Snake:1  | Noticed a tentacled starspawn
 34151 | Snake:1  | Noticed Woods's ghost (journeyman GnTm)
 34184 | Snake:1  | XOM: scenery: create altars
 34228 | Snake:2  | Noticed Asterion
 34229 | Snake:2  | XOM: destruction
 34235 | Snake:2  | Noticed an Executioner
 34236 | Snake:2  | XOM: cast spell 'Necromutation'
 34239 | Snake:2  | Killed Asterion
 34321 | Snake:2  | XOM: god gift: scroll of amnesia
 34429 | Snake:2  | Reached skill level 10 in Conjurations
 34429 | Snake:2  | Reached skill level 10 in Hexes
 34429 | Snake:2  | Reached skill level 10 in Summonings
 34429 | Snake:2  | Reached skill level 10 in Necromancy
 34429 | Snake:2  | Reached skill level 10 in Translocations
 34429 | Snake:2  | Reached skill level 10 in Transmutations
 34429 | Snake:2  | Reached skill level 10 in Fire Magic
 34429 | Snake:2  | Reached skill level 10 in Ice Magic
 34429 | Snake:2  | Reached skill level 10 in Air Magic
 34429 | Snake:2  | Reached skill level 10 in Earth Magic
 34429 | Snake:2  | Reached skill level 10 in Poison Magic
 34437 | Snake:2  | XOM: divination: magic mapping
 34538 | Snake:2  | XOM: silly message
 34759 | Snake:2  | Learned a level 3 spell: Swiftness
 34854 | Snake:2  | XOM: divination: magic mapping
 35327 | Snake:3  | XOM: divination: detect creatures
 35515 | Snake:3  | XOM: god gift: 32 gold pieces
 35708 | Snake:3  | Reached XP level 18. HP: 144/144 MP: 28/34
 35837 | Snake:3  | XOM: cloud trail
 35860 | Snake:3  | XOM: noise
 36201 | Snake:3  | Noticed Aizul
 36207 | Snake:3  | Killed Aizul
 36233 | Snake:3  | XOM: summons 10 hostile demons
 36344 | Snake:3  | XOM: enchant monster (bad)
 36481 | Snake:3  | XOM: noise
 36783 | Snake:4  | Entered Level 4 of the Snake Pit
 36866 | Snake:1  | XOM: stat loss: -1 Str (17/18)
 36926 | Shoals:1 | Entered Level 1 of the Shoals
 37082 | Shoals:1 | XOM: chaos upgrade
 37451 | Shoals:1 | XOM: polymorph cyclops -> skyshark
 37485 | Shoals:1 | XOM: 1-stop teleportation journey
 37590 | Shoals:1 | XOM: confuse monster(s)
 37620 | Shoals:1 | XOM: god gift: runed flail {god gift}
 37626 | Shoals:1 | XOM: 2-stop teleportation journey
 37686 | Shoals:1 | XOM: 1-stop teleportation journey
 37790 | Shoals:1 | XOM: silly message
 37842 | Shoals:1 | Identified the +1 quarterstaff of Woisch {freeze, rPois rC-
                  | rCorr Int-5}
 38034 | Shoals:2 | Noticed Ilsuiw
 38042 | Shoals:2 | XOM: cast spell 'Call Canine Familiar'
 38052 | Shoals:1 | HP: 29/145 [poisoned by a sea snake]
 38057 | Shoals:1 | HP: 26/145 [poisoned by a sea snake]
 38146 | Shoals:1 | XOM: give mutation
 38146 | Shoals:1 | Gained mutation: Your flesh is very heat resistant. (rF++)
                  | [Xom's grace]
 38313 | Shoals:1 | XOM: 1-stop teleportation journey
 38327 | Shoals:2 | Noticed Jorgrun
 38384 | Shoals:2 | XOM: god gift: wand of iceblast (3)
 38459 | Shoals:2 | XOM: god gift: ring of see invisible
 38595 | Shoals:2 | XOM: enchant monster (good)
 38625 | Shoals:1 | XOM: divination: magic mapping
 38727 | Shoals:2 | XOM: divination: detect creatures
 38734 | Shoals:2 | Killed Ilsuiw
 38840 | Shoals:1 | XOM: give mutations
 38840 | Shoals:1 | Gained mutation: You have hoof-like feet. [Xom's grace]
 38840 | Shoals:1 | Gained mutation: You are somewhat resistant to further
                  | mutation. [Xom's grace]
 38912 | Shoals:2 | Killed Jorgrun
 39321 | Shoals:2 | XOM: scenery: summon butterflies
 39539 | Shoals:2 | XOM: 1-stop teleportation journey
 39745 | Shoals:3 | XOM: fog
 39822 | Shoals:3 | Noticed Polyphemus
 39836 | Shoals:2 | XOM: scenery: 1 doors close
 40011 | Shoals:3 | Killed Polyphemus
 40049 | Shoals:2 | XOM: god gift: glaive {god gift}
 40067 | Shoals:2 | XOM: give mutation
 40067 | Shoals:2 | Gained mutation: Your muscles are very strong. (Str +8,
                  | Int/Dex -2) [Xom's grace]
 40143 | Shoals:2 | XOM: cloud trail
 40259 | Shoals:3 | XOM: fake destruction
 40599 | Shoals:3 | XOM: 2-stop teleportation journey
 40682 | Shoals:3 | XOM: 2-stop teleportation journey
 40697 | Shoals:3 | XOM: summons 4 hostile demons
 40998 | Shoals:3 | XOM: enchant monster (bad)
 41251 | Shoals:4 | Entered Level 4 of the Shoals
 41610 | Shoals:4 | XOM: 1-stop teleportation journey
 41628 | Shoals:4 | XOM: noise
 41635 | Shoals:4 | XOM: enchant monster (bad)
 41846 | Shoals:3 | XOM is BORED!
 41861 | Shoals:3 | Reached XP level 19. HP: 101/152 MP: 32/35
 41912 | Shoals:3 | XOM: god gift: shortbow {god gift}
 41974 | Shoals:4 | XOM: scenery: 2 doors open
 41979 | Shoals:3 | XOM: fog
 41990 | Shoals:4 | XOM: repel stairs
 41992 | Shoals:4 | XOM: stat loss: -1 Str (21/22)
 41994 | Shoals:4 | XOM: cleaving
 41997 | Shoals:4 | XOM: chaos cloud
 42064 | Shoals:4 | XOM: summons 9 hostile demons
 42093 | Shoals:4 | HP: 26/153 [snapping turtle (5)]
 42363 | Shoals:4 | XOM: give mutations
 42363 | Shoals:4 | Lost mutation: You have a pair of antennae on your head.
                  | [Xom's mischief]
 42363 | Shoals:4 | Lost mutation: You are strong-willed. (Will+) [Xom's
                  | mischief]
 42548 | Shoals:4 | XOM: give mutations
 42548 | Shoals:4 | Lost mutation: You have a somewhat thin skeletal structure.
                  | (Dex +2, Stealth+) [Xom's mischief]
 42548 | Shoals:4 | Lost mutation: Armour fits poorly on your strangely shaped
                  | body. [Xom's mischief]
 42548 | Shoals:4 | Lost mutation: Your body sometimes deteriorates upon taking
                  | damage. [Xom's mischief]
 42548 | Shoals:4 | Lost mutation: You possess an exceptional clarity of mind.
                  | [Xom's mischief]
 42653 | Shoals:4 | XOM: swap monsters
 42708 | Shoals:4 | XOM: blink monster(s)
 42710 | Shoals:4 | XOM: chaos upgrade
 42881 | Shoals:4 | Identified the +6 scale mail of Osulex {Str+4}
 42999 | Shoals:4 | XOM: noise
 43053 | Shoals:4 | Got a barnacled rune of Zot
 43062 | Shoals:4 | XOM: silly message
 43293 | Lair:3   | XOM: summons 8 hostile demons
 43483 | Snake:4  | XOM: noise
 43821 | Snake:4  | XOM: silly message
 43897 | Snake:4  | XOM: silly message
 44263 | Snake:4  | XOM: silly message
 44638 | Snake:4  | XOM: potion effect (attraction)
 44641 | Snake:4  | XOM: silly message
 44666 | Snake:4  | XOM: silly message
 44830 | Snake:4  | XOM: silly message
 44853 | Snake:4  | HP: 30/154 [guardian serpent/bolt of poison (3)]
 45109 | Snake:4  | XOM: silly message
 45200 | Snake:4  | Got a serpentine rune of Zot
 45337 | Snake:4  | jfcaron: ??order
 45337 | Snake:4  | beem: hyperelliptic[1/2]: D:11 -> Lair -> D:12 -> Orc ->
                  | D:15 -> S:3 -> maybe other S:3 -> get both S runes -> maybe
                  | Elf (but not the Elf:3 vault) -> Vaults:4 -> maybe Crypt ->
                  | Depths:4 -> Vaults:5 -> maybe Slime -> Zot ("S" means
                  | Shoals/Snake/Spider/Swamp)
 45690 | Elf:1    | Entered Level 1 of the Elven Halls
 45833 | Elf:1    | Noticed Agnes
 45843 | Elf:1    | Killed Agnes
 45895 | Elf:1    | XOM: cloud trail
 46310 | Elf:1    | Reached skill level 15 in Fighting
 46310 | Elf:1    | Reached skill level 15 in Polearms
 46330 | Elf:1    | Reached XP level 20. HP: 162/162 MP: 33/37
 46638 | Elf:1    | Identified the +7 sling of the Boar {heavy, *Corrode rElec
                  | Dex+3}
 46922 | Elf:2    | XOM: give mutations
 46922 | Elf:2    | Lost mutation: You are somewhat resistant to further
                  | mutation. [Xom's mischief]
 46922 | Elf:2    | Lost mutation: You passively map a small area around you.
                  | [Xom's mischief]
 46973 | Elf:2    | Found Tuomabb's General Store.
 46982 | Elf:2    | Bought a potion of heal wounds for 95 gold pieces
 46982 | Elf:2    | Bought 4 stones for 7 gold pieces
 46982 | Elf:2    | Bought 4 stones for 7 gold pieces
 46982 | Elf:2    | Bought a potion of might for 76 gold pieces
 47011 | Elf:2    | Found Wiyshut's Book Shoppe.
 47173 | Elf:2    | XOM: enchant monster (bad)
 47249 | Elf:2    | XOM: stat loss: -1 Str (22/23)
 47314 | Elf:2    | Found a runed translucent gate.
 47314 | Elf:2    | Found a runed translucent gate.
 47314 | Elf:2    | Found a runed translucent gate.
 47340 | Elf:2    | Found Riravuot's Antique Weapon Boutique.
 47366 | Elf:2    | Found Dyodyit's Weapon Shoppe.
 47401 | Elf:2    | XOM: confusion (+ monsters)
 47546 | Elf:2    | XOM: noise
 47562 | Elf:2    | Reached skill level 15 in Invocations
 47801 | Elf:2    | XOM: draining
 47858 | Elf:2    | XOM: give mutations
 47858 | Elf:2    | Gained mutation: Your flesh is cold resistant. (rC+) [Xom's
                  | mischief]
 47858 | Elf:2    | Lost mutation: You have hoof-like feet. [Xom's mischief]
 47858 | Elf:2    | Gained mutation: You have hoof-like feet. [Xom's mischief]
 47858 | Elf:2    | Lost mutation: Your flesh is very heat resistant. (rF++)
                  | [Xom's mischief]
 47875 | Elf:2    | XOM: blink monster(s)
 47920 | Elf:2    | XOM: blink monster(s)
 47929 | Elf:2    | XOM: summons friendly crimson imp
 48219 | Elf:2    | Bought a translucent scimitar for 225 gold pieces
 48219 | Elf:2    | Identified the +4 scimitar "Dowodah" {heavy, rElec rC+ MP+9
                  | Int-3} (You bought it in a shop on level 2 of the Elven
                  | Halls)
 48247 | Elf:3    | Entered Level 3 of the Elven Halls
 48257 | Elf:3    | XOM: enchant monster (good)
 48260 | Elf:3    | HP: 28/153 [deep elf annihilator/iron shot[a deep elf high
                  | priest] (34)]
 48265 | Elf:2    | HP: 20/153 [poisoned by a deep elf annihilator (poison
                  | arrow)]
 48668 | Elf:2    | HP: 29/154 [poisoned by a deep elf annihilator (poison
                  | arrow)]
 48673 | Elf:2    | HP: 20/154 [poisoned by a deep elf annihilator (poison
                  | arrow)]
 49170 | Elf:3    | XOM: cleaving
 49390 | Elf:2    | XOM: scenery: 3 doors close
 49736 | Elf:3    | XOM: polymorph deep elf sorcerer -> ghost moth
 49745 | Elf:3    | XOM: summons 3 friendly demons
 50377 | Elf:3    | XOM: god gift: scroll of vulnerability
 50390 | Elf:3    | Found a runed translucent door.
 50390 | Elf:3    | Noticed Hynwimna's ghost (veteran MiGl)
 50437 | Elf:3    | Found Atiuqurr's Jewellery Emporium.
 50437 | Elf:3    | Found Wepic's Book Boutique.
 50438 | Elf:3    | Found Xoz Geil's Book Boutique.
 50455 | Elf:3    | Learned a level 5 spell: Borgnjor's Vile Clutch
 50461 | Elf:3    | Learned a level 5 spell: Irradiate
 50467 | Elf:3    | Learned a level 5 spell: Summon Mana Viper
 50576 | Elf:3    | XOM: give mutations
 50576 | Elf:3    | Gained mutation: You have an increased reservoir of magic.
                  | (+10% MP) [Xom's grace]
 50576 | Elf:3    | Gained mutation: Your flesh is very cold resistant. (rC++)
                  | [Xom's grace]
 50576 | Elf:3    | Gained mutation: You have hooves in place of feet. [Xom's
                  | grace]
 50576 | Elf:3    | Gained mutation: You are robust. (+10% HP) [Xom's grace]
 50576 | Abyss:3  | Cast into level 3 of the Abyss (a deep elf sorcerer)
 50733 | Abyss:3  | Found a runed translucent gate.
 50733 | Abyss:3  | Found a runed translucent gate.
 50733 | Abyss:3  | Found a runed translucent gate.
 50758 | Abyss:3  | Found a corrupted altar of Lugonu.
 50840 | Elf:3    | Escaped the Abyss
 50850 | Elf:3    | XOM: god gift: chain mail {god gift}
 50932 | Elf:3    | XOM: cloud trail
 51013 | Elf:3    | XOM: give mutation
 51013 | Elf:3    | Lost mutation: You have a pair of small antennae on your
                  | head. [Xom's mischief]
 51071 | Elf:3    | Reached skill level 15 in Armour
 51187 | Elf:3    | Reached XP level 21. HP: 185/185 MP: 39/43
 51282 | Elf:3    | Killed Hynwimna's ghost
 51370 | Elf:3    | XOM: 2-stop teleportation journey
 51374 | Elf:3    | XOM: chaos upgrade
 51379 | Elf:3    | XOM: noise
 51399 | Elf:3    | XOM: blink monster(s)
 51404 | Elf:3    | XOM: give mutations
 51404 | Elf:3    | Lost mutation: Your mind is acute. (Int +4, Str/Dex -1)
                  | [Xom's mischief]
 51404 | Elf:3    | Lost mutation: Your flesh is very cold resistant. (rC++)
                  | [Xom's mischief]
 51404 | Elf:3    | Lost mutation: You have hooves in place of feet. [Xom's
                  | mischief]
 51404 | Elf:3    | Lost mutation: Your muscles are very strong. (Str +8,
                  | Int/Dex -2) [Xom's mischief]
 51411 | Elf:3    | XOM: god gift: leather armour {god gift}
 51414 | Elf:3    | XOM: cast spell 'Leda's Liquefaction'
 51511 | Elf:3    | XOM: divination: detect creatures
 51656 | Elf:3    | XOM: noise
 51729 | Elf:3    | XOM: cast spell 'Call Canine Familiar'
 51735 | Elf:3    | Identified the ring "Otaahoa" {Fly rC+}
 51790 | Elf:3    | Got the Parchment of the Syncline
 51797 | Elf:3    | Identified the +5 shortbow of the Toadstool {freeze, Dex+2}
 51810 | Elf:3    | Got the Textbook on Creeping Bombardment
 51871 | Elf:3    | XOM: divination: detect creatures
 51877 | Elf:3    | XOM: silly message
 52107 | Elf:3    | XOM: silly message
 52193 | Orc:2    | XOM: silly message
 52250 | Orc:1    | XOM: silly message
 52422 | Snake:1  | XOM: smoke on damage
 52588 | Snake:1  | XOM: cloud trail
 52825 | Snake:1  | XOM: silly message
 52896 | Snake:1  | Killed Woods's ghost
 52961 | Snake:1  | Identified the +2 leather armour "Sicereuj" {rF++ rN+ SInv}
 53280 | D:14     | XOM: noise
 53612 | D:14     | XOM: potion effect (invisibility)
 53646 | D:14     | Lost intelligence.
 53697 | Vaults:1 | Entered Level 1 of the Vaults
 53705 | Vaults:1 | XOM: confuse monster(s)
 53747 | Vaults:1 | XOM: god gift: wand of polymorph (5)
 53781 | Vaults:1 | XOM: scenery: 6 doors open, 1 doors close
 53786 | Vaults:1 | XOM: summons friendly crimson imp
 53792 | Vaults:1 | XOM: summons 3 hostile demons
 53805 | Vaults:1 | XOM: summons 3 hostile shadow creatures
 53824 | Vaults:1 | jfcaron: ??cancellation
 53824 | Vaults:1 | beem: potion of cancellation[1/4]: Removes all magic
                  | effects + a few points of contam. Removes slow (including
                  | post-berserk slow but not -Berserk), conf, tele,
                  | petrifying, mark, flay, mesm, fear, Dmsl, and any other
                  | effect with a duration.
 53959 | Vaults:1 | XOM: 1-stop teleportation journey
 53987 | Vaults:1 | Noticed Nikola
 54005 | Vaults:1 | XOM: chaos cloud
 54052 | Vaults:1 | Found a magical portal.
 54075 | WizLab   | Entered Iskenderun's Mystic Tower
 54138 | WizLab   | Reached skill level 15 in Dodging
 54265 | WizLab   | XOM: give mutations
 54265 | WizLab   | Gained mutation: You occasionally shout uncontrollably at
                  | your foes. [Xom's mischief]
 54265 | WizLab   | Lost mutation: You have hoof-like feet. [Xom's mischief]
 54340 | WizLab   | XOM: 1-stop teleportation journey
 54367 | WizLab   | XOM: cast spell 'Disjunction'
 54882 | WizLab   | XOM: silly message
 54916 | WizLab   | Got Sif Muna's Codex of the Tectonic Arsonist
 54916 | WizLab   | Got Zerhi's Catalogue of Sizzling Fulmination
 54966 | WizLab   | Got Iskenderun's Parchment of the Fifth Circle
 54966 | WizLab   | Got Iskenderun's Spellbook of Percussion
 55318 | Vaults:1 | XOM: potion effect (curing)
 55326 | Vaults:1 | Killed Nikola
 55526 | Vaults:1 | XOM: give mutations
 55526 | Vaults:1 | Gained mutation: You are completely covered in iridescent
                  | scales. (AC +6) [Xom's mischief]
 55526 | Vaults:1 | Gained mutation: You are occasionally teleported next to
                  | monsters. [Xom's mischief]
 55526 | Vaults:1 | Lost mutation: You are resistant to electric shocks.
                  | (rElec) [Xom's mischief]
 55771 | Vaults:1 | Found Najic's Jewellery Shop.
 55785 | Vaults:1 | Reached skill level 15 in Short Blades
 55785 | Vaults:1 | Reached skill level 15 in Long Blades
 55785 | Vaults:1 | Reached skill level 15 in Axes
 55785 | Vaults:1 | Reached skill level 15 in Maces & Flails
 55785 | Vaults:1 | Reached skill level 15 in Staves
 55785 | Vaults:1 | Reached skill level 15 in Ranged Weapons
 55785 | Vaults:1 | Reached skill level 15 in Throwing
 55785 | Vaults:1 | Reached skill level 15 in Stealth
 55785 | Vaults:1 | Reached skill level 15 in Shields
 55785 | Vaults:1 | Reached skill level 15 in Unarmed Combat
 55785 | Vaults:1 | Reached skill level 15 in Spellcasting
 55785 | Vaults:1 | Reached skill level 15 in Evocations
 55877 | Vaults:1 | XOM: confusion
 55902 | Vaults:1 | XOM: smoke on damage
 56186 | Vaults:1 | XOM: silly message
 56199 | Vaults:1 | XOM: potion effect (curing)
 56204 | Vaults:1 | Reached XP level 22. HP: 189/194 MP: 45/45
 56223 | Vaults:1 | XOM: summons friendly ufetubus
 56278 | Vaults:1 | XOM: divination: magic mapping
 56519 | Vaults:1 | XOM: 2-stop teleportation journey
 56525 | Vaults:1 | XOM: scenery: 1 doors close
 56637 | Vaults:1 | XOM: smoke on damage
 56735 | Vaults:1 | XOM: scenery: 3 doors open
 56772 | Vaults:1 | XOM: god gift: 26 gold pieces
 57084 | Vaults:2 | Found Kiyllad's Armour Shoppe.
 57124 | Vaults:2 | XOM: summons 11 hostile demons
 57150 | Vaults:2 | XOM: scenery: 1 doors close
 57222 | Vaults:2 | XOM: fog
 57228 | Vaults:2 | XOM: summons 16 friendly demons
 57248 | Vaults:2 | XOM: fog
 57330 | Vaults:2 | XOM: draining
 57574 | Vaults:2 | XOM: summons 4 hostile shadow creatures
 58046 | Vaults:2 | XOM: give mutations
 58046 | Vaults:2 | Gained mutation: Your flesh is very heat resistant. (rF++)
                  | [Xom's grace]
 58046 | Vaults:2 | Gained mutation: You have a pair of small horns on your
                  | head. [Xom's grace]
 58046 | Vaults:2 | Gained mutation: You are covered in fur. (AC +1) [Xom's
                  | grace]
 58079 | Vaults:2 | Found a staircase to the Crypt.
 58079 | Vaults:2 | Found a basalt altar of Yredelemnul.
 58079 | Vaults:2 | Found an ancient bone altar of Kikubaaqudgha.
 58230 | Vaults:2 | XOM: noise
 58344 | Vaults:2 | XOM: scenery: 1 doors close
 58470 | Vaults:3 | Noticed Bai Suzhen
 58473 | Vaults:3 | Killed Bai Suzhen
 58524 | Vaults:3 | XOM: cloud trail
 58566 | Vaults:3 | XOM: summons friendly shadow imp
 58573 | Vaults:3 | HP: 35/187 [yaktaur/bolt[a yaktaur captain] (4)]
 58588 | Vaults:3 | XOM: cast spell 'Olgreb's Toxic Radiance'
 58650 | Vaults:2 | XOM: scenery: summon butterflies
 58889 | Vaults:3 | XOM: cloud trail
 58943 | Vaults:3 | Found Zaewk's Antique Weapon Boutique.
 58976 | Vaults:3 | XOM: scenery: create altars
 59318 | Vaults:3 | XOM: potion effect (brilliance)
 59480 | Vaults:3 | XOM: enchant monster (good)
 59505 | Vaults:3 | XOM: summons friendly shadow imp
 59508 | Vaults:3 | XOM: destruction
 59568 | Vaults:3 | XOM: 1-stop teleportation journey
 59759 | Vaults:3 | Found Maraop's Armour Shop.
 59781 | Vaults:3 | Found a runed translucent gate.
 59781 | Vaults:3 | Found a runed translucent gate.
 59781 | Vaults:3 | Found a runed translucent gate.
 59781 | Vaults:3 | Noticed Umimoc's ghost (adept HOFi)
 59961 | Vaults:3 | Noticed Mennas
 59967 | Vaults:3 | XOM: summons friendly iron imp
 59998 | Vaults:3 | Killed Mennas
 60429 | Vaults:3 | XOM: scenery: 1 doors close
 60553 | Vaults:3 | XOM: god gift: rapier {god gift}
 60640 | Vaults:3 | XOM: give mutations
 60640 | Vaults:3 | Gained mutation: You are partially covered in large bone
                  | plates. (SH +4) [Xom's grace]
 60640 | Vaults:3 | Lost mutation: You have large cloven feet. [Xom's grace]
 60640 | Vaults:3 | Gained mutation: You have sharp toenails. [Xom's grace]
 60640 | Vaults:3 | Gained mutation: You are strong-willed. (Will+) [Xom's
                  | grace]
 60700 | Vaults:3 | Killed Umimoc's ghost
 60997 | Vaults:4 | Found Ihe Ij Buhi's Jewellery Shoppe.
 61165 | Vaults:4 | Found Ziugun's Book Shoppe.
 61241 | Vaults:4 | XOM: give mutations
 61241 | Vaults:4 | Gained mutation: Your flesh is almost immune to the effects
                  | of heat. (rF+++) [Xom's grace]
 61241 | Vaults:4 | Gained mutation: You are resistant to electric shocks.
                  | (rElec) [Xom's grace]
 61241 | Vaults:4 | Gained mutation: Your system is resistant to poisons.
                  | (rPois) [Xom's grace]
 61241 | Vaults:4 | Gained mutation: You have a pair of horns on your head.
                  | [Xom's grace]
 61286 | Vaults:4 | XOM: cast spell 'Cause Fear'
 61377 | Vaults:4 | XOM: give mutations
 61377 | Vaults:4 | Gained mutation: You are very robust. (+20% HP) [Xom's
                  | grace]
 61377 | Vaults:4 | Gained mutation: You are agile. (Dex +4, Str/Int -1) [Xom's
                  | grace]
 61377 | Vaults:4 | Gained mutation: Your flesh is very cold resistant. (rC++)
                  | [Xom's grace]
 61462 | Vaults:4 | Found Magy's Assorted Antiques.
 61469 | Vaults:4 | XOM: polymorph glowing orange brain -> swamp worm
 61519 | Vaults:4 | XOM: divination: magic mapping
 61524 | Vaults:4 | Reached XP level 23. HP: 223/223 MP: 43/47
 61852 | Vaults:4 | XOM: fog
 62215 | Vaults:4 | jfcaron: ??order
 62215 | Vaults:4 | beem: hyperelliptic[1/2]: D:11 -> Lair -> D:12 -> Orc ->
                  | D:15 -> S:3 -> maybe other S:3 -> get both S runes -> maybe
                  | Elf (but not the Elf:3 vault) -> Vaults:4 -> maybe Crypt ->
                  | Depths:4 -> Vaults:5 -> maybe Slime -> Zot ("S" means
                  | Shoals/Snake/Spider/Swamp)
 62393 | Vaults:1 | Learned a level 6 spell: Statue Form
 62429 | Vaults:1 | XOM: divination: magic mapping
 62556 | Orc:2    | XOM: scenery: summon butterflies
 62755 | Elf:3    | XOM: scenery: summon butterflies
 62943 | D:10     | XOM: scenery: 1 doors close
 63160 | Lair:2   | XOM: scenery: create altars
 63193 | D:8      | XOM: cloud trail
 63322 | Orc:1    | Bought the +0 pair of gloves of the Gloaming {Regen+} for
                  | 161 gold pieces
 63548 | Crypt:1  | Entered Level 1 of the Crypt
 63576 | Crypt:1  | XOM: give mutation
 63576 | Crypt:1  | Gained mutation: Your muscles are very strong. (Str +8,
                  | Int/Dex -2) [Xom's grace]
 63593 | Crypt:1  | XOM: destruction
 63593 | Crypt:1  | Noticed Donald
 63601 | Crypt:1  | XOM: smoke on damage
 63601 | Crypt:1  | Killed Donald
 63793 | Crypt:1  | XOM: scenery: 5 doors close
 63795 | Crypt:1  | XOM: fog
 63824 | Crypt:1  | XOM: scenery: 3 doors close
 64093 | Crypt:1  | XOM: enchant monster (good)
 64285 | Crypt:1  | XOM: enchant monster (good)
 64493 | Crypt:1  | Paralysed by a vampire knight for 3 turns
 64502 | Crypt:1  | XOM: summons 3 hostile demons
 64507 | Crypt:1  | XOM: 1-stop teleportation journey
 64508 | Crypt:1  | XOM: enchant monster (bad)
 64652 | Crypt:1  | Identified the +1 hand axe of Disintegration {speed, *Noise
                  | rN+++ rCorr Dex+5}
 64663 | Crypt:1  | Identified the amulet "Vuaxas" {Reflect +Inv Dex+3 SH+5}
 65051 | Crypt:1  | XOM: summons 1 hostile demon
 65166 | Crypt:1  | XOM: summons 12 hostile demons
 65273 | Crypt:2  | Noticed Sojobo
 65307 | Crypt:2  | Noticed Boris
 65325 | Crypt:1  | Killed Sojobo
 65401 | Crypt:1  | Killed Boris
 65406 | Crypt:2  | XOM: 1-stop teleportation journey
 65456 | Crypt:2  | XOM: silly message
 65687 | Crypt:2  | Noticed Xtahua
 65694 | Crypt:2  | Killed Xtahua
 65704 | Crypt:2  | XOM: noise
 65769 | Crypt:2  | XOM: 1-stop teleportation journey
 65977 | Crypt:2  | XOM: 2-stop teleportation journey
 66271 | Crypt:2  | XOM: god gift: 55 gold pieces
 66386 | Crypt:2  | XOM: give mutations
 66386 | Crypt:2  | Gained mutation: You have hidden genetic potential. [Xom's
                  | grace]
 66386 | Crypt:2  | Gained mutation: You have supernaturally acute eyesight.
                  | (SInv) [Xom's grace]
 66447 | Crypt:3  | Entered Level 3 of the Crypt
 66476 | Crypt:3  | XOM: summons friendly chaos spawn
 66603 | Crypt:3  | XOM: enchant monster (good)
 66623 | Crypt:3  | Reached XP level 24. HP: 234/234 MP: 37/47
 66664 | Crypt:3  | XOM: give mutations
 66664 | Crypt:3  | Gained mutation: You have extremely sharp teeth. [Xom's
                  | grace]
 66664 | Crypt:3  | Gained mutation: Your mind is acute. (Int +4, Str/Dex -1)
                  | [Xom's grace]
 66664 | Crypt:3  | Gained mutation: You have a pair of large horns on your
                  | head. [Xom's grace]
 66664 | Crypt:3  | Gained mutation: Your flesh is almost immune to the effects
                  | of cold. (rC+++) [Xom's grace]
 66806 | Crypt:3  | XOM: scenery: 1 doors close
 66871 | Crypt:3  | XOM: cleaving
 67079 | Crypt:3  | Found an ancient bone altar of Kikubaaqudgha.
 67119 | Crypt:3  | Noticed an ancient lich
 67129 | Crypt:3  | Killed an ancient lich
 67194 | Crypt:3  | Found the amulet of Vitality {RegenMP++ Regen++}
 67214 | Crypt:3  | Got the Secrets of Heated Ceraunoscopy
 67229 | Crypt:3  | Identified the +3 battleaxe "Inuwk" {heavy, *Slow Str+6
                  | Stlth+}
 67386 | Crypt:3  | Found a runed translucent door.
 67400 | Crypt:3  | Found a staircase to the Tomb.
 67557 | Crypt:3  | Noticed Roocroe's ghost (veteran MiGl)
 67591 | Crypt:3  | Identified the +0 trident of Excruciating Pain {heavy,
                  | Drain rPois Str+8 Stlth+}
 67706 | Crypt:3  | Found the +8 demon blade "Leech" {evervamp, Harm Drain rN+}
 67759 | Crypt:3  | XOM: fog
 67781 | Crypt:3  | XOM: swap monsters
 67838 | Crypt:3  | Found the +7 captain's cutlass {speed, disarm}
 67972 | Crypt:3  | XOM: divination: detect creatures
 68083 | Crypt:3  | Killed Roocroe's ghost
 68244 | Crypt:3  | XOM: give mutations
 68244 | Crypt:3  | Gained mutation: You are covered in thick fur. (AC +2)
                  | [Xom's grace]
 68244 | Crypt:3  | Gained mutation: You possess an exceptional clarity of
                  | mind. [Xom's grace]
 68680 | Vaults:3 | Bought a runed broad axe for 322 gold pieces
 68760 | Vaults:4 | XOM: noise
 69209 | Shoals:2 | XOM: summons 1 hostile shadow creature
 69579 | Vaults:5 | Entered Level 5 of the Vaults
 69580 | Vaults:5 | Noticed a dread lich
 69582 | Vaults:5 | XOM: smoke on damage
 69588 | Vaults:5 | Killed a dread lich
 69588 | Vaults:5 | Noticed a dread lich
 69593 | Vaults:5 | HP: 60/306 [yaktaur captain (11)]
 69594 | Vaults:5 | Identified the amulet of Eheabargh {Acrobat rElec rCorr}
 69597 | Vaults:5 | HP: 25/306 [titan/the air (23)]
 69604 | Vaults:5 | Noticed a dread lich
 69609 | Vaults:5 | Killed a dread lich
 69627 | Vaults:5 | XOM: cleaving
 69662 | Vaults:5 | XOM: scenery: create altars
 69833 | Vaults:5 | Identified the staff of death "Roiloza" {rN+ Dex+5}
 69838 | Vaults:5 | Identified the staff of air "Niydopai" {rElec rF+ rCorr
                  | Int+3 SInv}
 69843 | Vaults:5 | Killed a dread lich
 69867 | Vaults:5 | Identified the +6 mace of Ifook {freeze, rElec rN+ Int-4}
 69873 | Vaults:5 | Reached XP level 25. HP: 235/244 MP: 41/48
 69879 | Vaults:5 | Identified the +4 demon whip of Distant Worlds {vamp,
                  | Str+6}
 69880 | Vaults:5 | Identified the +2 leather armour of Articulation {rPois
                  | rCorr MP+9 Dex-2}
 69884 | Vaults:4 | HP: 52/317 [titan/the air (33)]
 70089 | Vaults:5 | XOM: polymorph stone giant -> alligator snapping turtle
 70094 | Vaults:5 | XOM: summons 4 friendly demons
 70105 | Vaults:5 | XOM: confuse monster(s)
 70212 | Vaults:5 | XOM: repel stairs
 70301 | Vaults:5 | XOM: swap monsters
 70356 | Vaults:5 | XOM: enchant monster (bad)
 70557 | Vaults:5 | Identified the staff of death "Vudiraorgh" {rN+ Dex+2 SInv}
 70567 | Vaults:5 | Identified the +2 bardiche of Hatred {elec, rN+ Str+3 SInv}
 70601 | Vaults:5 | Got Ihikum's Tome of Sparks
 70683 | Vaults:5 | XOM: divination: detect items
 70694 | Vaults:5 | XOM: blink monster(s)
 70747 | Vaults:5 | XOM: noise
 70997 | Vaults:5 | Got a silver rune of Zot
 70999 | Vaults:5 | Identified the ring "Jidwet" {Wiz Fly rElec Will- Str+4}
 71034 | Vaults:5 | XOM: cloud trail
 71445 | Depths:1 | Entered Level 1 of the Depths
 71650 | Depths:1 | XOM: blink monster(s)
 71840 | Depths:1 | Found a gateway to Hell.
 71840 | Depths:1 | Noticed Margery
 71849 | Depths:1 | Killed Margery
 72165 | Depths:1 | XOM: scenery: 2 doors open, 1 doors close
 72453 | Depths:2 | Found Wezos's Firing Range.
 72467 | Depths:2 | XOM: summons 2 friendly demons
 72513 | Depths:2 | Bought 5 silver javelins for 900 gold pieces
 72513 | Depths:2 | Bought a manual of Throwing for 1600 gold pieces
 72513 | Depths:2 | Bought 6 silver javelins for 1080 gold pieces
 72567 | Depths:2 | Reached skill level 15 in Conjurations
 72567 | Depths:2 | Reached skill level 15 in Hexes
 72567 | Depths:2 | Reached skill level 15 in Summonings
 72567 | Depths:2 | Reached skill level 15 in Necromancy
 72567 | Depths:2 | Reached skill level 15 in Translocations
 72567 | Depths:2 | Reached skill level 15 in Transmutations
 72567 | Depths:2 | Reached skill level 15 in Fire Magic
 72567 | Depths:2 | Reached skill level 15 in Ice Magic
 72567 | Depths:2 | Reached skill level 15 in Air Magic
 72567 | Depths:2 | Reached skill level 15 in Earth Magic
 72567 | Depths:2 | Reached skill level 15 in Poison Magic
 72570 | Depths:2 | XOM: enchant monster (bad)
 72598 | Depths:2 | Gained mutation: Your natural rate of healing is unusually
                  | fast. [hidden potential]
 72605 | Depths:2 | HP: 61/321 [spriggan defender/+4 lajatang (10)]
 72674 | Depths:1 | XOM: god gift: mace {god gift}
 72866 | Depths:2 | Noticed Mara
 72869 | Depths:2 | Killed Mara
 73327 | Depths:2 | Acquired the scarf of Archepamuru {+Inv, rN+ Will+ Str+2
                  | Dex-2}
 73377 | Depths:2 | XOM: give mutations
 73377 | Depths:2 | Lost mutation: You are completely covered in iridescent
                  | scales. (AC +6) [Xom's mischief]
 73377 | Depths:2 | Lost mutation: You are covered in thick fur. (AC +2) [Xom's
                  | mischief]
 73377 | Depths:2 | Lost mutation: Your natural rate of healing is unusually
                  | fast. [Xom's mischief]
 73377 | Depths:2 | Lost mutation: You are agile. (Dex +4, Str/Int -1) [Xom's
                  | mischief]
 73613 | Depths:2 | Found a one-way gate leading to the halls of Pandemonium.
 73708 | Depths:2 | XOM: give mutations
 73708 | Depths:2 | Lost mutation: You are strong-willed. (Will+) [Xom's
                  | mischief]
 73708 | Depths:2 | Lost mutation: Your mind is acute. (Int +4, Str/Dex -1)
                  | [Xom's mischief]
 73708 | Depths:2 | Lost mutation: You have an increased reservoir of magic.
                  | (+10% MP) [Xom's mischief]
 73851 | Depths:3 | XOM: polymorph rakshasa -> hell hog
 73858 | Depths:3 | Reached XP level 26. HP: 233/255 MP: 36/44
 73861 | Depths:3 | Noticed Boris
 73870 | Depths:3 | Killed Boris
 73917 | Depths:3 | XOM: give mutation
 73917 | Depths:3 | Lost mutation: You are covered in fur. (AC +1) [Xom's
                  | mischief]
 74199 | Depths:3 | Found Ecux's Assorted Antiques.
 74206 | Depths:3 | Bought a potion of heal wounds for 160 gold pieces
 74335 | Depths:3 | Found a runed translucent gate.
 74335 | Depths:3 | Found a runed translucent gate.
 74335 | Depths:3 | Found a runed translucent gate.
 74335 | Depths:3 | Found an opulent altar of Gozag.
 74354 | Depths:3 | XOM: draining
 74435 | Depths:3 | Noticed frimble's ghost (adept DsGl)
 74439 | Depths:3 | XOM: divination: detect items
 74456 | Depths:3 | XOM: divination: detect items
 74896 | Depths:3 | XOM: divination: detect items
 74951 | Depths:3 | Found Puklyaf's Assorted Antiques.
 75093 | Depths:3 | Killed frimble's ghost
 75127 | Depths:3 | XOM: stat loss: -1 Dex (8/9)
 75133 | Depths:3 | Bought a wand of flame (2) for 44 gold pieces
 75133 | Depths:3 | Bought a wand of flame (13) for 291 gold pieces
 75133 | Depths:3 | Bought a potion of resistance for 320 gold pieces
 75143 | Depths:3 | XOM: give mutation
 75143 | Depths:3 | Lost mutation: Your flesh is almost immune to the effects
                  | of cold. (rC+++) [Xom's mischief]
 75316 | Depths:4 | Entered Level 4 of the Depths
 75332 | Depths:4 | XOM: confuse monster(s)
 75345 | Depths:3 | XOM: noise
 75561 | Depths:3 | XOM: enchant monster (good)
 75690 | Depths:4 | XOM: enchant monster (bad)
 75693 | Depths:4 | XOM: blink monster(s)
 75696 | Depths:3 | XOM: blink monster(s)
 75987 | Depths:4 | Found a runed translucent door.
 75995 | Depths:4 | Learned a level 6 spell: Iron Shot
 75998 | Depths:4 | Noticed a juggernaut
 76001 | Depths:4 | Found a runed translucent door.
 76004 | Depths:4 | Noticed Kabe's ghost (veteran BaIE)
 76056 | Depths:4 | Noticed an ancient lich
 76082 | Depths:4 | Found an opulent altar of Gozag.
 76083 | Depths:4 | Found a portal to a secret trove of treasure.
 76096 | Depths:4 | Found a one-way gateway to a ziggurat.
 76096 | Depths:4 | XOM: 5-stop teleportation journey
 76392 | Depths:4 | Found a gate to the Realm of Zot.
 76491 | Depths:4 | XOM: scenery: summon butterflies
 76494 | Depths:4 | HP: 61/335 [vampire knight/+0 dire flail (31)]
 76495 | Depths:4 | XOM: enchant monster (good)
 76687 | Depths:4 | Killed a juggernaut
 76750 | Depths:4 | Killed Kabe's ghost
 76755 | Depths:4 | XOM: potion effect (invisibility)
 76759 | Depths:4 | Killed an ancient lich
 76764 | Depths:4 | Identified the staff of death "Coxilun" {rElec rPois rN+
                  | Dex-5}
 76807 | Depths:4 | XOM: silly message
 76932 | Depths:4 | XOM: give mutations
 76932 | Depths:4 | Lost mutation: You are very robust. (+20% HP) [Xom's
                  | mischief]
 76932 | Depths:4 | Lost mutation: Your flesh is very cold resistant. (rC++)
                  | [Xom's mischief]
 76932 | Depths:4 | Lost mutation: You occasionally shout uncontrollably at
                  | your foes. [Xom's mischief]
 76939 | Depths:4 | XOM: divination: detect creatures
 77030 | Depths:1 | XOM: divination: detect items
 77048 | D:15     | XOM: draining
 77262 | Elf:2    | Bought 4 stones for 8 gold pieces
 77262 | Elf:2    | Bought 5 stones for 10 gold pieces
 77407 | D:10     | XOM: god gift: ring of protection from cold
 77450 | D:13     | XOM: give mutations
 77450 | D:13     | Lost mutation: Your muscles are very strong. (Str +8,
                  | Int/Dex -2) [Xom's mischief]
 77450 | D:13     | Lost mutation: You have supernaturally acute eyesight.
                  | (SInv) [Xom's mischief]
 77450 | D:13     | Lost mutation: You are partially covered in large bone
                  | plates. (SH +4) [Xom's mischief]
 77450 | D:13     | Lost mutation: You are mostly covered in iridescent scales.
                  | (AC +4) [Xom's mischief]
 77451 | D:13     | XOM: torment (122/219 hp)
 77615 | Zot:1    | Entered Level 1 of the Realm of Zot
 77622 | Zot:1    | XOM: enchant monster (good)
 77631 | Zot:1    | XOM: swap monsters
 77760 | D:14     | XOM: summons 1 hostile demon
 78622 | Depths:4 | Lost mutation: You have a pair of large horns on your head.
                  | [potion of mutation]
 78622 | Depths:4 | Lost mutation: You are resistant to electric shocks.
                  | (rElec) [potion of mutation]
 78622 | Depths:4 | Lost mutation: You expend magic power (3 MP) to strengthen
                  | your wands. [potion of mutation]
 78623 | Depths:4 | Lost mutation: Your muscles are strong. (Str +4, Int/Dex
                  | -1) [potion of mutation]
 78623 | Depths:4 | Lost mutation: You are robust. (+10% HP) [potion of
                  | mutation]
 78623 | Depths:4 | Lost mutation: Your flesh is cold resistant. (rC+) [potion
                  | of mutation]
 78834 | Zot:2    | HP: 43/279 [moth of wrath (16)]
 78835 | Zot:2    | HP: 15/215 [yellow draconian/glob of acid (12)]
 78836 | Zot:2    | XOM: 4-stop teleportation journey
 78840 | Zot:2    | HP: 48/279 [golden dragon/bolt of cold (13)]
 78846 | Zot:2    | HP: 36/279 [constriction (7)]
 78851 | Zot:2    | HP: 21/279 [electric golem/bolt of lightning (13)]
 78860 | Zot:2    | Lost mutation: You have extremely sharp teeth. [potion of
                  | mutation]
 78860 | Zot:2    | Lost mutation: You are occasionally teleported next to
                  | monsters. [potion of mutation]
 78860 | Zot:2    | Lost mutation: You have hidden genetic potential. [potion
                  | of mutation]
 78860 | Zot:2    | Lost mutation: You possess an exceptional clarity of mind.
                  | [potion of mutation]
 78860 | Zot:2    | Gained mutation: You are somewhat resistant to further
                  | mutation. [potion of mutation]
 78963 | Zot:2    | XOM: confusion
 78992 | Zot:2    | XOM: polymorph yellow draconian -> shock serpent
 78994 | Zot:2    | XOM: chaos upgrade
 79273 | Zot:4    | Reached XP level 27. HP: 222/222 MP: 41/45
 79325 | Zot:4    | Noticed an orb of fire
 79333 | Zot:4    | Killed an orb of fire
 79391 | Zot:4    | Identified the +0 pair of gloves "Evvuiw" {rElec}
 79442 | Zot:4    | XOM: silly message
 79568 | Zot:4    | Noticed Parghit
 79579 | Zot:4    | Killed Parghit
 79594 | Zot:4    | XOM: divination: detect creatures
 80000 | Zot:4    | XOM: 2-stop teleportation journey
 80595 | Zot:3    | XOM: silly message
 80617 | Zot:3    | HP: 57/288 [death cob (10)]
 80618 | Zot:3    | HP: 21/288 [death cob (21)]
 80620 | Zot:3    | XOM: silly message
 80625 | Zot:3    | HP: 48/288 [constriction (7)]
 80666 | Zot:3    | XOM: divination: detect creatures
 80849 | Zot:3    | Found a transporter.
 80915 | Zot:3    | Noticed an orb of fire
 80915 | Zot:3    | XOM: 2-stop teleportation journey
 80935 | Zot:3    | XOM: give mutation
 80935 | Zot:3    | Lost mutation: You are somewhat resistant to further
                  | mutation. [Xom's grace]
 80935 | Zot:3    | Gained mutation: You have hidden genetic potential. [Xom's
                  | grace]
 81421 | Zot:3    | Found a transporter.
 82239 | Zot:2    | XOM: cloud trail
 82528 | Zot:1    | XOM: confuse monster(s)
 82539 | Zot:1    | XOM: fog
 82777 | Zot:1    | Acquired 876 gold pieces
 82868 | Zot:1    | XOM: scenery: create altars
 83179 | Zot:1    | XOM: enchant monster (good)
 83344 | Zot:1    | XOM: divination: detect creatures
 83359 | Zot:1    | HP: 54/291 [deep troll (9)]
 83369 | Zot:1    | HP: 46/291 [frost giant/bolt of cold (16)]
 83375 | Zot:1    | HP: 35/291 [frost giant/bolt of cold (17)]
 83696 | Zot:1    | XOM: give mutations
 83696 | Zot:1    | Gained mutation: You possess an exceptional clarity of
                  | mind. [Xom's grace]
 83696 | Zot:1    | Gained mutation: Your flesh is cold resistant. (rC+) [Xom's
                  | grace]
 84563 | Zot:3    | XOM: silly message
 84642 | Zot:5    | Entered Level 5 of the Realm of Zot
 85100 | D:13     | XOM: scenery: 1 doors close
 85696 | Zot:5    | Noticed an ancient lich
 85702 | Zot:5    | Killed an ancient lich
 85829 | Zot:5    | XOM: god gift: wand of flame (2)
 85858 | Zot:5    | Noticed an orb of fire
 85862 | Zot:5    | XOM: silly message
 85869 | Zot:5    | Gained mutation: Your body sometimes deteriorates upon
                  | taking damage. [an orb of fire]
 85882 | Zot:5    | Killed an orb of fire
 85955 | Zot:5    | Noticed an orb of fire
 85960 | Zot:5    | XOM: summons 6 friendly demons
 85961 | Zot:5    | Gained mutation: You are dopey. (Int -2) [an orb of fire]
 85964 | Zot:5    | Killed an orb of fire
 85967 | Zot:5    | Noticed an orb of fire
 85976 | Zot:5    | Killed an orb of fire
 85994 | Zot:5    | Noticed an orb of fire
 85998 | Zot:5    | Killed an orb of fire
 86092 | Zot:5    | Noticed an ancient lich
 86096 | Zot:5    | XOM: noise
 86098 | Zot:5    | Killed an ancient lich
 86101 | Zot:5    | Noticed an ancient lich
 86105 | Zot:5    | Noticed an orb of fire
 86106 | Zot:5    | XOM: potion effect (heal wounds)
 86109 | Zot:5    | Noticed a dread lich
 86112 | Zot:5    | Killed an orb of fire
 86122 | Zot:5    | Killed a dread lich
 86124 | Zot:5    | Killed an ancient lich
 86197 | Zot:5    | XOM: 2-stop teleportation journey
 86397 | Zot:5    | Gained mutation: You have great hidden genetic potential.
                  | [hidden potential]
 86416 | Zot:5    | Noticed an ancient lich
 86418 | Zot:5    | Noticed a dread lich
 86425 | Zot:5    | Killed a dread lich
 86462 | Zot:5    | Noticed an orb of fire
 86464 | Zot:5    | XOM: divination: detect creatures
 86469 | Zot:5    | Gained mutation: Potions are less effective at restoring
                  | your health. [an orb of fire]
 86470 | Zot:5    | XOM: cleaving
 86470 | Zot:5    | Noticed an ancient lich
 86471 | Zot:5    | Lost mutation: Potions are less effective at restoring your
                  | health. [an orb of fire]
 86471 | Zot:5    | Gained mutation: Armour fits poorly on your strangely
                  | shaped body. [an orb of fire]
 86474 | Zot:5    | Killed an orb of fire
 86480 | Zot:5    | Killed an ancient lich
 86512 | Zot:5    | Noticed a dread lich
 86519 | Zot:5    | Killed a dread lich
 86521 | Zot:5    | Killed an ancient lich
 86909 | Zot:5    | Got the Orb of Zot
 86956 | Zot:4    | Noticed Boris
 87003 | Zot:1    | XOM: give mutation
 87003 | Zot:1    | Lost mutation: You are dopey. (Int -2) [Xom's mischief]
 87349 | D:1      | XOM: noise
 87360 | D:$      | Escaped with the Orb!

Illustrated notes

Levels and vault maps discovered:
D:1:      minmay_arrival_jagged, layout_loops_corners, serial_forest,
          infiniplex_forest_lined_1, infiniplex_forest_corner_1,
          infiniplex_forest_end_double, infiniplex_forest_clump_C,
          solitary_fountain
D:2:      layout_rooms, basic_altar, shapermc_ecumenical_altar_flowoftime
D:3:      layout_loops_ring, serial_shops, nicolae_square_shop, uniq_grinder
D:4:      layout_layer_cave, gammafunk_ghost_arena
D:5:      layout_cave_pools, mainiacjoe_overflow_catch_the_wave, uniq_edmund
D:6:      layout_loops_cross, serial_demonic, serial_demonic_e,
          serial_demonic_e, serial_demonic_a, serial_demonic_a,
          serial_demonic_g, serial_demonic_f, serial_park_tiny_1
D:7:      layout_cave_pools, tso_metal_star, temple_pool_b, serial_shops,
          nicolae_shop_real_fake_doors, uniq_joseph, uniq_pikel,
          uniq_prince_ribbit1
D:8:      layout_basic, mainiacjoe_overflow_chevrons, kiku_gazebo_pond_becter,
          mainiacjoe_overflow_small_starburst, lair_entry_dummy, serial_shops,
          nicolae_shop_rolled_up, hellmonk_guarded_unrand_lears
D:9:      layout_irregular_city, laboratory
D:10:     layout_irregular_city, fedhas_altar_4, trog_wizard, orc_0_dummy,
          uniq_lodul, uniq_harold, uniq_sonja, uniq_fannar
D:11:     minmay_octagon_keep, layout_basic
D:12:     layout_irregular_city, gauntlet_entry_generic,
          statue_in_the_mist_lemuel, uniq_azrael
D:13:     layout_gridville, chequers_serial_rivers_micro_b,
          kennysheep_flooded_box, uniq_josephine
D:14:     layout_loops_ring, grunt_vaults_entry_fortified,
          nemelex_diamond_rough_becter, serial_bayou, serial_bayou_pond_d,
          serial_bayou_pond_c, serial_bayou_ford_a, serial_bayou_shore_a,
          chequers_guarded_unrand_ignorance, uniq_roxanne, uniq_louise
D:15:     grunt_enter_depths_giant_problem, layout_rooms, serial_shops,
          bzr_entry_lakeside, uniq_nessos
Lair:1:   lemuel_ratsnest, layout_cave_pods, gammafunk_ghost_ooze, minmay_holes,
          hangedman_tree_tricks, uniq_nergalle
Lair:2:   layout_chaotic_city, guppyfry_snake_entry_garden, serial_bayou_pond_b,
          lemuel_centaur_altar, lemuel_fruit_tree, grunt_megastairs_5
Lair:3:   layout_loops_ring, nicolae_shoals_entry_roost,
          gammafunk_ghost_cemetery
Lair:4:   layout_gridlike, grunt_forest_large_clearings, lemuel_fruit_fields,
          uniq_kirke
Lair:5:   hellmonk_lair_end_abyssal_woods, layout_layer_cave,
          nicolae_slime_entry_field_trip, kennysheep_snail_temple
Shoals:1: nicolae_shoals_island_circles, layout_shoals, st_cyclops
Shoals:2: layout_shoals, nicolae_shoals_gull_way, uniq_jorgrun, uniq_ilsuiw
Shoals:3: layout_shoals, uniq_polyphemus
Shoals:4: shoals_end_hellmonk_lost_city
Snake:1:  layout_grid_maze, gammafunk_ghost_abyssal_escape, basic_altar,
          serial_nicolae_subway, nicolae_sub_station_crystal,
          nicolae_sub_station_stone, nicolae_sub_station_metal
Snake:2:  layout_rooms, nicolae_snake_squiggles, serial_bayou_pond_a,
          uniq_asterion
Snake:3:  layout_misc_corridors, grunt_ministairs_8, grunt_megastairs_3,
          uniq_aizul
Snake:4:  grunt_snake_rune_pools, layout_basic, nicolae_snake_gridmaze_spiral
Orc:1:    layout_caves, serial_shops, shop, guppyfry_orc_lava_fort
Orc:2:    kennysheep_orc_mage_school, layout_diamond_mine, basic_altar,
          kennysheep_orc_chapel
Elf:1:    layout_geoelf_octagon, kennysheep_underground_church, uniq_agnes
Elf:2:    nicolae_elf_blades_crystal_corner, layout_geoelf_diagonals,
          serial_shops, nicolae_shop_tiny_glass, nicolae_shop_window_shopping,
          nicolae_book_shop_shelving, nicolae_shop_peninsula
Elf:3:    elf_hall_gauntlet_wide, layout_rooms, ebering_ghost_inner_flame,
          st_stairs_1, minmay_shop_grove
Vaults:1: infiniplex_enter_wizlab_water, v_alt_pattern_1, v_misc_28, v_rooms_1,
          hangedman_vaults_stitches, nicolae_vaults_circle_grid_a, v_misc_8,
          nicolae_vaults_trapezoid_2, nicolae_vaults_little_guard_posts,
          nicolae_vaults_little_squares_1, layout_vaults_ring, serial_shops,
          shop, uniq_nikola
Vaults:2: v_pattern_5, vaults_room_grunt_arrival_checkpoint,
          minmay_crypt_entry_necro_gods, ontoclasm_vaults_gateway,
          nicolae_vaults_little_squares_5, nicolae_vaults_angled_halls,
          v_alt_pattern_1, layout_vaults_omnigrid, serial_shops, shop
Vaults:3: ebering_ghost_rock_garden, ontoclasm_vaults_ring_small,
          nicolae_vaults_trapezoid_4, nicolae_vaults_closet_pinwheel_4,
          nicolae_vaults_taking_the_gang_shopping, vaults_mumra_lcd,
          v_alt_pattern_4, nicolae_vaults_trapezoid_1, nicolae_vaults_diamond_1,
          nicolae_vaults_stepped_doors, nicolae_vaults_more_shelving_2,
          layout_vaults_big_room, serial_shops, shop, uniq_mennas,
          uniq_bai_suzhen
Vaults:4: vaults_dpeg_cross, vaults_dpeg_hooks, nicolae_vaults_layer_cake_slice,
          v_misc_25, v_misc_27, vaults_standard_mumra_enter_the_diamond,
          hangedman_vaults_corner, nicolae_vaults_diamond_2, v_misc_29,
          hangedman_vaults_stretched_pinwheel, nicolae_vaults_network_periphery,
          nicolae_vaults_trapezoid_lopsided_2, nicolae_vaults_cochlea,
          ontoclasm_vaults_twist, v_alt_pattern_4, layout_vaults_omnibox,
          serial_shops, shop, nicolae_shop_peninsula, shop
Vaults:5
Crypt:1:  hangedman_staggered_hall, layout_gridlike,
          nicolae_crypt_twisting_catacombs, uniq_donald
Crypt:2:  layout_regular_city, uniq_xtahua, uniq_sojobo, uniq_boris
Crypt:3:  church_of_pain_bobbens, layout_chaotic_city,
          tomb_entry_simple_bobbens, gammafunk_ghost_grave
Depths:1: layout_gridlike, minmay_curled_crystal, grunt_metal_band, abyss_entry,
          kennysheep_generic_room_12
Depths:2: minmay_spriggan_fort, layout_honeycomb, grunt_decor_arrowhead,
          pf_dread_powers_of_hell, pan_entry, nicolae_shop_firing_range,
          uniq_mara
Depths:3: nicolae_hitomezashi [nicolae_hito_row, nicolae_hito_row,
          nicolae_hito_row, nicolae_hito_row, nicolae_hito_row,
          nicolae_hito_row, nicolae_hito_row, nicolae_hito_row,
          nicolae_hito_row, nicolae_hito_row, nicolae_hito_row,
          nicolae_hito_row, nicolae_hito_row, nicolae_hito_row,
          nicolae_hito_row, nicolae_hito_row, nicolae_hito_row,
          nicolae_hito_row], layout_gridville, nicolae_lava_and_water,
          ebering_ghost_gozag, hell_entry, hangedman_abyss_entry_splay,
          serial_co_window_serial, co_window_paths_b, co_window_paths_a,
          co_window_of_opportunity_a, co_window_paths_b, co_window_paths_b,
          co_window_corner_a, co_window_of_opportunity_a, glass_columns_c,
          glass_columns_c, glass_columns_c, glass_columns_a, glass_columns_a,
          serial_shops, shop, corexii_leaking_fountain, serial_bayou_crossing
Depths:4: evilmike_zot_entry_basic, layout_cave_pools, enter_ziggurat_f,
          muffindrake_ghost_dual_entry,
          nicolae_gozag_cash_rules_everything_around_me, hell_entry,
          enter_trove_0
Zot:1:    lemuel_halls_of_wrath, layout_basic, st_stairs_6, grunt_ministairs_6,
          grunt_megastairs_1
Zot:2:    layout_gridville
Zot:3:    gammafunk_dig_for_victory, layout_gridlike
Zot:4:    layout_onion_interference, uniq_parghit
Zot:5:    layout_twisted_circle

Skill      XL: |  1  2  3  4  5  6  7  8  9 10 11 12 13 14 15 16 17 18 19 20 21 22 23 24 25 26 27 |
---------------+----------------------------------------------------------------------------------+-----
Invocations    | 1 2 3 4 5 6 7 8 10 11 12 13 14 15 16 17 18 19 21 | 21.1
Short Blades   | 1 2 3 4 5 6 7 8 9 10 11 12 13 14 15 16 17 18 19 | 19.6
Long Blades    | 1 2 3 4 5 6 7 8 9 10 11 12 13 14 15 16 17 18 19 | 19.6
Axes           | 1 2 3 4 5 6 7 8 9 10 11 12 13 14 15 16 17 18 19 | 19.6
Maces & Flails | 1 2 3 4 5 6 7 8 9 10 11 12 13 14 15 16 17 18 19 | 19.6
Staves         | 1 2 3 4 5 6 7 8 9 10 11 12 13 14 15 16 17 18 19 | 19.6
Ranged Weapons | 1 2 3 4 5 6 7 8 9 10 11 12 13 14 15 17 18 19 20 22 | 22.7
Throwing       | 1 2 3 4 5 6 7 8 9 10 11 12 13 14 15 16 17 18 19 21 | 21.4
Stealth        | 1 2 3 4 5 6 7 8 9 10 11 12 13 14 15 16 17 18 19 | 19.6
Shields        | 1 2 3 4 5 6 7 8 9 10 11 12 13 14 15 16 17 18 19 | 19.6
Unarmed Combat | 1 2 3 4 5 6 7 8 9 10 11 12 13 14 15 16 17 18 19 | 19.6
Spellcasting   | 1 2 3 4 5 6 7 8 9 10 11 12 13 14 15 16 17 18 19 | 19.6
Evocations     | 1 2 3 4 5 6 7 8 9 10 11 12 13 14 15 16 17 18 19 | 19.6
Conjurations   | 1 2 3 4 5 6 7 8 9 10 11 12 13 14 15 16 | 16.7
Hexes          | 1 2 3 4 5 6 7 8 9 10 11 12 13 14 15 16 | 16.7
Summonings     | 1 2 3 4 5 6 7 8 9 10 11 12 13 14 15 16 | 16.7
Necromancy     | 1 2 3 4 5 6 7 8 9 10 11 12 13 14 15 16 | 16.7
Translocations | 1 2 3 4 5 6 7 8 9 10 11 12 13 14 15 16 | 16.7
Transmutations | 1 2 3 4 5 6 7 8 9 10 11 12 13 14 15 16 | 16.7
Fire Magic     | 1 2 3 4 5 6 7 8 9 10 11 12 13 14 15 16 | 16.7
Ice Magic      | 1 2 3 4 5 6 7 8 9 10 11 12 13 14 15 16 | 16.7
Air Magic      | 1 2 3 4 5 6 7 8 9 10 11 12 13 14 15 16 | 16.7
Earth Magic    | 1 2 3 4 5 6 7 8 9 10 11 12 13 14 15 16 | 16.7
Poison Magic   | 1 2 3 4 5 6 7 8 9 10 11 12 13 14 15 16 | 16.7
Armour         | 5 6 7 8 9 10 11 12 13 14 15 16 17 18 20 | 20.0
Dodging        | 3 4 5 6 7 8 9 10 11 12 13 14 15 16 17 18 19 | 19.7
Fighting       | 7 8 9 10 11 12 13 14 15 16 17 18 19 20 | 20.4
Polearms       | 7 8 9 10 11 12 13 14 15 16 17 18 19 20 22 | 22.5

Action                     |  1- 3 |  4- 6 |  7- 9 | 10-12 | 13-15 | 16-18 | 19-21 | 22-24 | 25-27 || total
---------------------------+-------+-------+-------+-------+-------+-------+-------+-------+-------++-------
  Melee: Spear             |   124 |   197 |       |     3 |    24 |     9 |       |       |       ||   357
         Bite              |     7 |    17 |    32 |    62 |   263 |   142 |   160 |   204 |   153 ||  1040
         Kick              |       |    33 |    21 |       |       |   351 |   441 |   494 |   460 ||  1800
         Whip              |       |    13 |   285 |   453 |   267 |       |       |       |       ||  1018
         Punch             |       |     1 |     7 |     3 |       |       |       |       |       ||    11
         Short sword       |       |       |       |    12 |       |       |       |       |       ||    12
         Dagger            |       |       |       |       |  1155 |   138 |       |       |       ||  1293
         War axe           |       |       |       |       |    47 |       |       |       |       ||    47
         Eveningstar       |       |       |       |       |       |   912 |  1050 |   658 |  1045 ||  3665
         Falchion          |       |       |       |       |       |       |    13 |       |       ||    13
         Headbutt          |       |       |       |       |       |       |       |   329 |   308 ||   637
         Eudemon blade     |       |       |       |       |       |       |       |   554 |       ||   554
  Throw: Stone             |     8 |    10 |    83 |    42 |    40 |    76 |    63 |    64 |   159 ||   545
         Dart              |       |       |    19 |    68 |   285 |   171 |     4 |    54 |     3 ||   604
         Boomerang         |       |       |    21 |   120 |   302 |   121 |   384 |    22 |    59 ||  1029
         Javelin           |       |       |       |     7 |    14 |     3 |    23 |    15 |    45 ||   107
         Throwing net      |       |       |       |       |     1 |       |       |     2 |       ||     3
   Cast: Summon Guardian G |       |       |       |     3 |     4 |    13 |     2 |     1 |     1 ||    24
         Blink             |       |       |       |     3 |     1 |       |     7 |       |    14 ||    25
         Frozen Ramparts   |       |       |       |       |    10 |    28 |    11 |    28 |    26 ||   103
         Vhi's Electric Ch |       |       |       |       |       |   102 |   161 |   132 |   152 ||   547
         Dispel Undead     |       |       |       |       |       |     7 |    13 |    65 |    74 ||   159
         Wereblood         |       |       |       |       |       |     1 |     1 |     3 |    13 ||    18
         Irradiate         |       |       |       |       |       |       |     3 |    14 |    29 ||    46
         Borgnjor's Vile C |       |       |       |       |       |       |     3 |     6 |    26 ||    35
         Summon Mana Viper |       |       |       |       |       |       |     1 |     3 |     4 ||     8
         Statue Form       |       |       |       |       |       |       |       |    46 |   140 ||   186
         Iron Shot         |       |       |       |       |       |       |       |       |     7 ||     7
  Evoke: Piece from Xom's  |       |     4 |     2 |    12 |     3 |       |       |       |       ||    21
         Wand              |       |       |     4 |     7 |     9 |    49 |    25 |    30 |    96 ||   220
         Lightning rod     |       |       |       |       |       |    17 |    14 |    11 |    17 ||    59
         Tin of tremorston |       |       |       |       |       |       |     7 |     7 |     4 ||    18
         Box of beasts     |       |       |       |       |       |       |     3 |     3 |     2 ||     8
         Phial of floods   |       |       |       |       |       |       |     1 |       |       ||     1
         Phantom mirror    |       |       |       |       |       |       |       |     4 |     1 ||     5
    Use: Scroll            |       |    10 |     8 |     4 |     7 |    19 |    11 |    12 |    17 ||    88
         Potion            |       |       |     7 |     2 |     3 |     7 |    16 |     9 |    25 ||    69
   Stab: Petrifying        |     1 |       |       |     5 |       |       |       |       |       ||     6
         Sleeping          |       |     3 |       |       |     1 |     4 |       |     4 |     1 ||    13
         Paralysed         |       |       |     4 |     5 |     2 |     8 |     2 |     4 |     2 ||    27
         Confused          |       |       |       |     2 |     7 |       |     2 |       |     2 ||    13
         Petrified         |       |       |       |     6 |     1 |     1 |       |       |       ||     8
         Distracted        |       |       |       |       |     5 |     1 |       |     4 |     3 ||    13
         Invisible         |       |       |       |       |       |     1 |     2 |     1 |       ||     4
 Armour: Ring mail         |    21 |       |       |       |       |       |       |       |       ||    21
         Leather armour    |     9 |    44 |   126 |    16 |       |       |       |       |       ||   195
         Chain mail        |       |       |       |   207 |   546 |   512 |   574 |   186 |       ||  2025
         Skin              |       |       |       |       |       |       |       |   302 |   616 ||   918
         Robe              |       |       |       |       |       |       |       |    45 |     7 ||    52
  Dodge: Dodged            |    46 |    88 |   201 |   169 |   352 |   394 |   467 |   650 |   797 ||  3164
         Repelled          |       |       |       |       |       |       |    23 |     9 |     2 ||    34
  Block: Other             |       |    13 |    88 |    15 |       |       |       |       |       ||   116
         Reflection        |       |     1 |       |    14 |    12 |    17 |    21 |       |       ||    65
         Buckler           |       |       |       |   201 |   577 |   164 |       |       |       ||   942
         Kite shield       |       |       |       |       |       |   315 |   183 |       |       ||   498
         Tower shield      |       |       |       |       |       |       |   681 |  1407 |  1773 ||  3861

Table legend: (Time is in decaauts)
 A = Elapsed time spent in this place.
 B = Non-inter-level travel time spent in this place.
 C = Inter-level travel time spent in this place.
 D = Time resting spent in this place.
 E = Time spent auto-exploring this place.
 F = Levels seen in this place.
 G = Mean time per level.
                   A        B        C        D        E       F      G
               +--------+--------+--------+--------+--------+-----+--------+
         Total |  91054 |  77616 |  13438 |  17614 |  40548 |  54 | 1686.2 |
       Dungeon |  21909 |  16985 |   4924 |   3168 |   9965 |  15 | 1460.6 |
          Lair |   8795 |   8143 |    652 |   1179 |   5163 |   5 | 1759.0 |
        Shoals |   6831 |   6378 |    453 |   2804 |   2127 |   4 | 1707.8 |
     Snake Pit |   6990 |   5917 |   1073 |   1680 |   2720 |   4 | 1747.5 |
  Orcish Mines |   4405 |   3200 |   1205 |   1376 |    786 |   2 | 2202.5 |
   Elven Halls |   6759 |   5898 |    861 |   2487 |   2101 |   3 | 2253.0 |
        Vaults |  10234 |   8898 |   1336 |   1508 |   5346 |   5 | 2046.8 |
         Crypt |   5943 |   5594 |    349 |    424 |   3764 |   3 | 1981.0 |
        Depths |   7568 |   6286 |   1282 |    866 |   3982 |   4 | 1892.0 |
           Zot |   9459 |   8158 |   1301 |   1455 |   4156 |   5 | 1891.8 |
         Abyss |    259 |    259 |      0 |     25 |      0 |   1 |  259.0 |
        Bazaar |    190 |    190 |      0 |      0 |    124 |   1 |  190.0 |
        Wizlab |   1037 |   1037 |      0 |    484 |    111 |   1 | 1037.0 |
      Gauntlet |    668 |    668 |      0 |    153 |    201 |   1 |  668.0 |
               +--------+--------+--------+--------+--------+-----+--------+

Top non-repeatable levels by time:
   Elf:2: 2964 daAuts
    D:14: 2691 daAuts
   Orc:2: 2659 daAuts
 Crypt:3: 2646 daAuts
   Elf:3: 2524 daAuts
   Zot:1: 2488 daAuts
Depths:3: 2375 daAuts
 Snake:1: 2365 daAuts
Vaults:1: 2320 daAuts
   Zot:5: 2265 daAuts
  Lair:5: 2243 daAuts
Vaults:2: 2201 daAuts
Vaults:3: 2185 daAuts
    D:10: 2118 daAuts
Shoals:1: 2027 daAuts

Table legend:
 A = Kills in this place as a percentage of kills in the entire game.
 B = Kills by you in this place as a percentage of kills by you in the entire game.
 C = Kills by friends in this place as a percentage of kills by friends in the entire game.
 D = Other kills in this place as a percentage of other kills in the entire game.
 E = Experience gained in this place as a percentage of experience gained in the entire game.
 F = Experience gained in this place divided by the number of levels of this place that you have seen.
                   A       B       C       D       E      F
               +-------+-------+-------+-------+-------+----------------------
         Total | 100.0 | 100.0 | 100.0 | 100.0 | 100.0 | 27507.2
       Dungeon |  17.6 |  16.6 |  50.8 |  29.2 |   5.9 | 5795.9
          Lair |  11.0 |  11.1 |   6.8 |   8.3 |   4.2 | 12503.4
        Shoals |   6.0 |   6.0 |   6.8 |   4.2 |   5.6 | 20841.8
     Snake Pit |   8.0 |   8.0 |   6.8 |  12.5 |   7.1 | 26472.2
  Orcish Mines |   4.2 |   4.3 |   0.0 |   8.3 |   1.0 | 7447.5
   Elven Halls |   6.7 |   6.8 |   5.1 |   8.3 |   8.4 | 41519.0
        Vaults |  16.0 |  16.0 |  13.6 |  16.7 |  19.8 | 58961.6
         Crypt |   9.3 |   9.4 |  10.2 |   0.0 |  11.4 | 56305.3
        Depths |   8.8 |   9.1 |   0.0 |   4.2 |  12.2 | 45195.0
           Zot |   9.3 |   9.6 |   0.0 |   4.2 |  21.7 | 64358.6
         Abyss |   1.1 |   1.2 |   0.0 |   0.0 |   0.8 | 12085.0
        Wizlab |   1.5 |   1.5 |   0.0 |   4.2 |   1.8 | 26640.0
      Gauntlet |   0.3 |   0.4 |   0.0 |   0.0 |   0.1 | 2204.0
               +-------+-------+-------+-------+-------+----------------------

Levels and vault maps discovered:
D:1:      minmay_arrival_jagged, layout_loops_corners, serial_forest,
          infiniplex_forest_lined_1, infiniplex_forest_corner_1,
          infiniplex_forest_end_double, infiniplex_forest_clump_C,
          solitary_fountain
D:2:      layout_rooms, basic_altar, shapermc_ecumenical_altar_flowoftime
D:3:      layout_loops_ring, serial_shops, nicolae_square_shop, uniq_grinder
D:4:      layout_layer_cave, gammafunk_ghost_arena
D:5:      layout_cave_pools, mainiacjoe_overflow_catch_the_wave, uniq_edmund
D:6:      layout_loops_cross, serial_demonic, serial_demonic_e,
          serial_demonic_e, serial_demonic_a, serial_demonic_a,
          serial_demonic_g, serial_demonic_f, serial_park_tiny_1
D:7:      layout_cave_pools, tso_metal_star, temple_pool_b, serial_shops,
          nicolae_shop_real_fake_doors, uniq_joseph, uniq_pikel,
          uniq_prince_ribbit1
D:8:      layout_basic, mainiacjoe_overflow_chevrons, kiku_gazebo_pond_becter,
          mainiacjoe_overflow_small_starburst, lair_entry_dummy, serial_shops,
          nicolae_shop_rolled_up, hellmonk_guarded_unrand_lears
D:9:      layout_irregular_city, laboratory
D:10:     layout_irregular_city, fedhas_altar_4, trog_wizard, orc_0_dummy,
          uniq_lodul, uniq_harold, uniq_sonja, uniq_fannar
D:11:     minmay_octagon_keep, layout_basic
D:12:     layout_irregular_city, gauntlet_entry_generic,
          statue_in_the_mist_lemuel, uniq_azrael
D:13:     layout_gridville, chequers_serial_rivers_micro_b,
          kennysheep_flooded_box, uniq_josephine
D:14:     layout_loops_ring, grunt_vaults_entry_fortified,
          nemelex_diamond_rough_becter, serial_bayou, serial_bayou_pond_d,
          serial_bayou_pond_c, serial_bayou_ford_a, serial_bayou_shore_a,
          chequers_guarded_unrand_ignorance, uniq_roxanne, uniq_louise
D:15:     grunt_enter_depths_giant_problem, layout_rooms, serial_shops,
          bzr_entry_lakeside, uniq_nessos
Lair:1:   lemuel_ratsnest, layout_cave_pods, gammafunk_ghost_ooze, minmay_holes,
          hangedman_tree_tricks, uniq_nergalle
Lair:2:   layout_chaotic_city, guppyfry_snake_entry_garden, serial_bayou_pond_b,
          lemuel_centaur_altar, lemuel_fruit_tree, grunt_megastairs_5
Lair:3:   layout_loops_ring, nicolae_shoals_entry_roost,
          gammafunk_ghost_cemetery
Lair:4:   layout_gridlike, grunt_forest_large_clearings, lemuel_fruit_fields,
          uniq_kirke
Lair:5:   hellmonk_lair_end_abyssal_woods, layout_layer_cave,
          nicolae_slime_entry_field_trip, kennysheep_snail_temple
Shoals:1: nicolae_shoals_island_circles, layout_shoals, st_cyclops
Shoals:2: layout_shoals, nicolae_shoals_gull_way, uniq_jorgrun, uniq_ilsuiw
Shoals:3: layout_shoals, uniq_polyphemus
Shoals:4: shoals_end_hellmonk_lost_city
Snake:1:  layout_grid_maze, gammafunk_ghost_abyssal_escape, basic_altar,
          serial_nicolae_subway, nicolae_sub_station_crystal,
          nicolae_sub_station_stone, nicolae_sub_station_metal
Snake:2:  layout_rooms, nicolae_snake_squiggles, serial_bayou_pond_a,
          uniq_asterion
Snake:3:  layout_misc_corridors, grunt_ministairs_8, grunt_megastairs_3,
          uniq_aizul
Snake:4:  grunt_snake_rune_pools, layout_basic, nicolae_snake_gridmaze_spiral
Orc:1:    layout_caves, serial_shops, shop, guppyfry_orc_lava_fort
Orc:2:    kennysheep_orc_mage_school, layout_diamond_mine, basic_altar,
          kennysheep_orc_chapel
Elf:1:    layout_geoelf_octagon, kennysheep_underground_church, uniq_agnes
Elf:2:    nicolae_elf_blades_crystal_corner, layout_geoelf_diagonals,
          serial_shops, nicolae_shop_tiny_glass, nicolae_shop_window_shopping,
          nicolae_book_shop_shelving, nicolae_shop_peninsula
Elf:3:    elf_hall_gauntlet_wide, layout_rooms, ebering_ghost_inner_flame,
          st_stairs_1, minmay_shop_grove
Vaults:1: infiniplex_enter_wizlab_water, v_alt_pattern_1, v_misc_28, v_rooms_1,
          hangedman_vaults_stitches, nicolae_vaults_circle_grid_a, v_misc_8,
          nicolae_vaults_trapezoid_2, nicolae_vaults_little_guard_posts,
          nicolae_vaults_little_squares_1, layout_vaults_ring, serial_shops,
          shop, uniq_nikola
Vaults:2: v_pattern_5, vaults_room_grunt_arrival_checkpoint,
          minmay_crypt_entry_necro_gods, ontoclasm_vaults_gateway,
          nicolae_vaults_little_squares_5, nicolae_vaults_angled_halls,
          v_alt_pattern_1, layout_vaults_omnigrid, serial_shops, shop
Vaults:3: ebering_ghost_rock_garden, ontoclasm_vaults_ring_small,
          nicolae_vaults_trapezoid_4, nicolae_vaults_closet_pinwheel_4,
          nicolae_vaults_taking_the_gang_shopping, vaults_mumra_lcd,
          v_alt_pattern_4, nicolae_vaults_trapezoid_1, nicolae_vaults_diamond_1,
          nicolae_vaults_stepped_doors, nicolae_vaults_more_shelving_2,
          layout_vaults_big_room, serial_shops, shop, uniq_mennas,
          uniq_bai_suzhen
Vaults:4: vaults_dpeg_cross, vaults_dpeg_hooks, nicolae_vaults_layer_cake_slice,
          v_misc_25, v_misc_27, vaults_standard_mumra_enter_the_diamond,
          hangedman_vaults_corner, nicolae_vaults_diamond_2, v_misc_29,
          hangedman_vaults_stretched_pinwheel, nicolae_vaults_network_periphery,
          nicolae_vaults_trapezoid_lopsided_2, nicolae_vaults_cochlea,
          ontoclasm_vaults_twist, v_alt_pattern_4, layout_vaults_omnibox,
          serial_shops, shop, nicolae_shop_peninsula, shop
Vaults:5
Crypt:1:  hangedman_staggered_hall, layout_gridlike,
          nicolae_crypt_twisting_catacombs, uniq_donald
Crypt:2:  layout_regular_city, uniq_xtahua, uniq_sojobo, uniq_boris
Crypt:3:  church_of_pain_bobbens, layout_chaotic_city,
          tomb_entry_simple_bobbens, gammafunk_ghost_grave
Depths:1: layout_gridlike, minmay_curled_crystal, grunt_metal_band, abyss_entry,
          kennysheep_generic_room_12
Depths:2: minmay_spriggan_fort, layout_honeycomb, grunt_decor_arrowhead,
          pf_dread_powers_of_hell, pan_entry, nicolae_shop_firing_range,
          uniq_mara
Depths:3: nicolae_hitomezashi [nicolae_hito_row, nicolae_hito_row,
          nicolae_hito_row, nicolae_hito_row, nicolae_hito_row,
          nicolae_hito_row, nicolae_hito_row, nicolae_hito_row,
          nicolae_hito_row, nicolae_hito_row, nicolae_hito_row,
          nicolae_hito_row, nicolae_hito_row, nicolae_hito_row,
          nicolae_hito_row, nicolae_hito_row, nicolae_hito_row,
          nicolae_hito_row], layout_gridville, nicolae_lava_and_water,
          ebering_ghost_gozag, hell_entry, hangedman_abyss_entry_splay,
          serial_co_window_serial, co_window_paths_b, co_window_paths_a,
          co_window_of_opportunity_a, co_window_paths_b, co_window_paths_b,
          co_window_corner_a, co_window_of_opportunity_a, glass_columns_c,
          glass_columns_c, glass_columns_c, glass_columns_a, glass_columns_a,
          serial_shops, shop, corexii_leaking_fountain, serial_bayou_crossing
Depths:4: evilmike_zot_entry_basic, layout_cave_pools, enter_ziggurat_f,
          muffindrake_ghost_dual_entry,
          nicolae_gozag_cash_rules_everything_around_me, hell_entry,
          enter_trove_0
Zot:1:    lemuel_halls_of_wrath, layout_basic, st_stairs_6, grunt_ministairs_6,
          grunt_megastairs_1
Zot:2:    layout_gridville
Zot:3:    gammafunk_dig_for_victory, layout_gridlike
Zot:4:    layout_onion_interference, uniq_parghit
Zot:5:    layout_twisted_circle
